 Dungeon Crawl Stone Soup version 0.29.0-4-gdea44cf6ec (webtiles) character file.

Game seed: 7549381773778267581

16113 qw the Grappler (level 12, 114/114 HPs)
             Began as a Troll Cinder Acolyte on Aug 30, 2022.
             Was an Initiate of Ignis.
             Quit the game on level 1 of the Lair of Beasts.
             The game lasted 00:11:00 (10334 turns).

qw the Grappler (Troll Cinder Acolyte)             Turns: 10334, Time: 00:11:01

Health: 114/114    AC: 17    Str: 29    XL:     12   Next: 7%
Magic:  12/12      EV:  8    Int: 10    God:    Ignis [......]
Gold:   646        SH: 14    Dex:  5    Spells: 13/13 levels left

rFire   + . .      SeeInvis .     - Unarmed
rCold   . . .      Faith    .   m - +0 kite shield
rNeg    . . .      Spirit   .   k - +3 steam dragon scales
rPois   +          Reflect  +   r - +2 hat {Will+}
rElec   .          Harm     .   h - +0 cloak
rCorr   .          Rampage  .   (gloves unavailable)
Will    +....                   (boots unavailable)
Stlth   +.........              v - amulet of reflection
HPRegen 1.09/turn               i - +4 ring of protection
MPRegen 0.13/turn               p - ring of poison resistance

@: no status effects
A: large, unfitting armour, claws 3, regeneration 1, shaggy fur 1, tough skin 1,
talons 1
a: Renounce Religion, Rising Flame


You were on level 1 of the Lair of Beasts.
You worshipped Ignis.
Ignis was noncommittal.
You visited 2 branches of the dungeon, and saw 11 of its levels.

You collected 743 gold pieces.
You spent 97 gold pieces at shops.


Innate Abilities, Weirdness & Mutations

You are too large for most types of armour.
You have claws for hands.
Your natural rate of healing is unusually fast.
You are covered in fur. (AC +1)
You have tough skin. (AC +1)
You have sharp toenails.


   Skills:
 - Level 6.0 Fighting
 - Level 3.0 Throwing
 - Level 2.2 Armour
 - Level 1.0 Dodging
 - Level 10.1 Shields
 + Level 14.6 Unarmed Combat
 - Level 1.0 Spellcasting
 - Level 2.1 Fire Magic


You had 13 spell levels left.
You didn't know any spells.
Your spell library contained the following spells:

 Spells                   Type           Power      Damage    Failure   Level
 Scorch                   Fire           8%         2d5       36%         2

Inventory:

Missiles
 a - 3 javelins (quivered)
 e - 9 boomerangs
Armour
 h - a +0 cloak (worn)
 k - +3 steam dragon scales (worn)
 m - a +0 kite shield (worn)
 r - a +2 hat of willpower (worn)
Jewellery
 b - a ring of protection from fire
 i - a +4 ring of protection (left claw)
 o - a ring of fire
 p - a ring of poison resistance (right claw)
 v - an amulet of reflection (around neck)
Scrolls
 d - 4 scrolls of identify
 g - 2 scrolls of enchant weapon
Potions
 c - 4 potions of curing
 f - 7 potions of heal wounds
 l - 2 potions of cancellation
 n - 4 potions of mutation
 t - a potion of resistance
 u - a potion of might
 x - a potion of haste

Dungeon Overview and Level Annotations

Branches:
Dungeon (10/15)            Temple (0/1) D:6            Lair (1/5) D:10
    Orc: D:9-12

Altars:
Gozag
Hepliaklqana
Nemelex Xobeh
Okawaru
Ru
Yredelemnul
The Shining One

Shops:
D:4 *

Annotations:
D:3 3 runed translucent doors, qw's ghost, amateur TeWr
D:6 1 runed translucent door, Crazy Yiuf


Message History

10295 ||| Stepping randomly (stuck).
10296 ||| Stepping randomly (stuck).
10297 ||| Stepping randomly (stuck).
10298 ||| Stepping randomly (stuck).
10299 ||| Stepping randomly (stuck).
10300 ||| Stepping randomly (stuck).
10301 ||| Stepping randomly (stuck).
10302 ||| Stepping randomly (stuck).
10303 ||| Stepping randomly (stuck).
10304 ||| Stepping randomly (stuck).
10305 ||| Stepping randomly (stuck).
10306 ||| Stepping randomly (stuck).
10307 ||| Stepping randomly (stuck).
10308 ||| Stepping randomly (stuck).
10309 ||| Stepping randomly (stuck).
10310 ||| Stepping randomly (stuck).
10311 ||| Stepping randomly (stuck).
10312 ||| Stepping randomly (stuck).
10313 ||| Stepping randomly (stuck).
10314 ||| Stepping randomly (stuck).
10315 ||| Stepping randomly (stuck).
10316 ||| Stepping randomly (stuck).
10317 ||| Stepping randomly (stuck).
10318 ||| Stepping randomly (stuck).
10319 ||| Stepping randomly (stuck).
10320 ||| Stepping randomly (stuck).
10321 ||| Stepping randomly (stuck).
10322 ||| Stepping randomly (stuck).
10323 ||| Stepping randomly (stuck).
10324 ||| Stepping randomly (stuck).
10325 ||| Stepping randomly (stuck).
10326 ||| Stepping randomly (stuck).
10327 ||| Stepping randomly (stuck).
10328 ||| Stepping randomly (stuck).
10329 ||| Stepping randomly (stuck).
10330 ||| Stepping randomly (stuck).
10331 ||| Stepping randomly (stuck).
10332 ||| Stepping randomly (stuck).
10333 ||| Stepping randomly (stuck).
Are you sure you want to abandon this character and quit the game? (Confirm with "yes".)

..####.............##
## #..###P.......## #
###..# ##........#
####.#..# #.......##
..>.....# #.......##
........# #.......P#
........####........#
...................##
.#.#............@..P#
.####...............#
.P# #...##..........#
..###...P#.........P#
........###.........#
...................##
...................P#
.#.P##............[##
.#####..............#


There were no monsters in sight!

Vanquished Creatures
  Gastronok (D:8)
  5 hydras (Lair:1)
  A boulder beetle (D:8)
  A centaur warrior (D:8)
  A two-headed ogre (D:10)
  An ugly thing (D:8)
  2 gargoyles (D:8)
  Maggie (D:6)
  A cane toad (Lair:1)
  Psyche (D:8)
  4 komodo dragons (Lair:1)
  Prince Ribbit (D:7)
  A hornet (D:9)
  A slime creature (D:8)
  A shadow (D:8)
  8 yaks (D:10)
  Eustachio (D:6)
  2 basilisks (Lair:1)
  2 steam dragons (D:8)
  A vampire mosquito (D:8)
  5 water moccasins
  An ice beast (D:6)
  5 orc warriors
  4 sky beasts
  4 black bears
  2 centaurs
  A phantom (D:7)
  3 kobold brigands
  4 bullfrogs
  2 necrophages
  Blork the orc (D:6)
  3 gnoll sergeants
  5 scorpions
  4 killer bees (D:9)
  3 howler monkeys (D:7)
  6 electric eels
  2 jellies
  3 orc priests
  2 hounds (D:6)
  12 iguanas
  12 orc wizards
  8 gnolls
  6 adders
  2 ufetubi
  4 worms
  A dart slug (D:1)
  40 orcs
  3 ball pythons (D:1)
  3 bats
  4 endoplasms
  2 giant cockroaches (D:2)
  6 goblins
  3 hobgoblins
  7 jackals
  2 quokkas
  7 frilled lizards
  20 kobolds
  6 rats
245 creatures vanquished.

Vanquished Creatures (others)
  10 fungi
  28 plants
38 creatures vanquished.

Grand Total: 283 creatures vanquished

Notes
Turn   | Place    | Note
-------+----------+-------------------------------------------
     0 | D:1      | qw the Troll Cinder Acolyte began the quest for the Orb.
     0 | D:1      | Reached XP level 1. HP: 22/22 MP: 1/1
     0 | D:1      | 0 ||| qw: Version: 0.1-a-95-gae9e614
     0 | D:1      | 0 ||| qw: Game counter: 4384
     0 | D:1      | 0 ||| qw: Always use a shield: true
     0 | D:1      | 0 ||| qw: God list: Okawaru
     0 | D:1      | 0 ||| qw: Allow faded altars: false
     0 | D:1      | 0 ||| qw: Do Orc after D:15 true
     0 | D:1      | 0 ||| qw: Do second Lair branch before Depths: true
     0 | D:1      | 0 ||| qw: Lair rune preference: random
     0 | D:1      | 0 ||| qw: Plans: Normal
     0 | D:1      | 0 ||| PLANNING D:1-11
    94 | D:1      | 94 ||| Stepping ~*~*~tactically~*~*~ (hiding).
   104 | D:1      | Reached XP level 2. HP: 29/29 MP: 2/2
   311 | D:1      | Reached skill level 4 in Unarmed Combat
   523 | D:1      | 523 ||| UPGRADING to +0 cloak.
   528 | D:1      | 528 ||| UPGRADING to amulet of the acrobat.
   533 | D:1      | 533 ||| UPGRADING to +4 ring of protection.
   534 | D:1      | 534 ||| DROPPING +6 ring of intelligence.
   535 | D:1      | 535 ||| READING scroll labelled FEYNYRCHE IVYMM.
   536 | D:1      | 536 ||| READING scroll labelled ATO LAVOMO.
   537 | D:1      | 537 ||| READING scroll labelled ZIAMISTR GUAL.
   538 | D:1      | 538 ||| READING scroll labelled KAZOWOI EJYXA.
   539 | D:1      | 539 ||| READING scroll labelled KOMIZY JA RUA.
   542 | D:1      | 542 ||| DRINKING 2 purple potions.
   591 | D:2      | 591 ||| Stepping ~*~*~tactically~*~*~ (stealth).
   599 | D:2      | Reached XP level 3. HP: 36/36 MP: 3/3
  1237 | D:2      | 1237 ||| READING scroll labelled HOXO ORAUZ.
  1238 | D:2      | 1238 ||| DRINKING 2 puce potions.
  1263 | D:2      | 1263 ||| READING 2 scrolls of identify.
  1263 | D:2      | 1263 ||| IDENTIFYING murky amethyst potion
  1264 | D:2      | 1264 ||| DROPPING potion of lignification.
  1305 | D:3      | 1305 ||| STAIRDANCE
  1389 | D:3      | 1389 ||| Stepping ~*~*~tactically~*~*~ (hiding).
  1391 | D:3      | 1391 ||| Stepping ~*~*~tactically~*~*~ (hiding).
  1401 | D:3      | 1401 ||| INVOKING Fiery Armour.
  1404 | D:3      | Reached XP level 4. HP: 20/44 MP: 4/4
  1405 | D:3      | 1405 ||| Stepping ~*~*~tactically~*~*~ (outnumbered).
  1407 | D:3      | Reached skill level 5 in Unarmed Combat
  1415 | D:3      | 1415 ||| FLEEEEING.
  1416 | D:3      | 1416 ||| FLEEEEING.
  1417 | D:3      | 1417 ||| FLEEEEING.
  1418 | D:3      | 1418 ||| FLEEEEING.
  1419 | D:3      | 1419 ||| FLEEEEING.
  1420 | D:3      | 1420 ||| FLEEEEING.
  1421 | D:3      | 1421 ||| FLEEEEING.
  1422 | D:3      | 1422 ||| FLEEEEING.
  1423 | D:3      | 1423 ||| FLEEEEING.
  1424 | D:3      | 1424 ||| FLEEEEING.
  1426 | D:3      | 1426 ||| FLEEEEING.
  1616 | D:3      | Found a runed translucent gate.
  1616 | D:3      | Found a runed translucent gate.
  1616 | D:3      | Found a runed translucent gate.
  1655 | D:3      | Noticed qw's ghost (amateur TeWr)
  1814 | D:3      | 1814 ||| READING scroll labelled AKIAGY FAFILE.
  1815 | D:3      | 1815 ||| DRINKING 2 coppery potions.
  1816 | D:3      | 1816 ||| DROPPING potion of degeneration.
  1844 | D:4      | You fall into a shaft and drop 2 floors!
  1845 | D:6      | Found a hazy altar of Hepliaklqana.
  1856 | D:6      | Noticed an ice beast
  1874 | D:6      | Killed an ice beast
  1875 | D:6      | Reached skill level 6 in Unarmed Combat
  1875 | D:6      | Reached XP level 5. HP: 46/50 MP: 5/5
  1898 | D:6      | Found a staircase to the Ecumenical Temple.
  1924 | D:6      | Noticed Eustachio
  1952 | D:6      | Killed Eustachio
  1953 | D:6      | Reached skill level 7 in Unarmed Combat
  1953 | D:6      | Reached XP level 6. HP: 51/59 MP: 6/6
  1993 | D:6      | Found a runed translucent door.
  1994 | D:6      | Noticed Crazy Yiuf
  2019 | D:6      | 2019 ||| Stepping ~*~*~tactically~*~*~ (hiding).
  2024 | D:6      | 2024 ||| INVOKING Fiery Armour.
  2116 | D:6      | Noticed Blork the orc
  2117 | D:6      | 2117 ||| Stepping ~*~*~tactically~*~*~ (hiding).
  2125 | D:6      | Killed Blork the orc
  2269 | D:6      | 2269 ||| Stepping ~*~*~tactically~*~*~ (stealth).
  2270 | D:6      | 2270 ||| Stepping ~*~*~tactically~*~*~ (stealth).
  2286 | D:6      | Reached skill level 8 in Unarmed Combat
  2298 | D:6      | Noticed Maggie
  2306 | D:6      | 2306 ||| INVOKING Fiery Armour.
  2311 | D:6      | Killed Maggie
  2312 | D:6      | Reached XP level 7. HP: 30/70 MP: 7/7
  2430 | D:6      | 2430 ||| UPGRADING to +0 steam dragon scales.
  2440 | D:6      | 2440 ||| DROPPING +0 robe.
  2441 | D:6      | 2441 ||| READING scroll labelled FATYLU BOETEHE.
  2442 | D:6      | 2442 ||| READING scroll labelled KYMIBB ILERYO.
  2443 | D:6      | 2443 ||| READING 2 scrolls of identify.
  2443 | D:6      | 2443 ||| IDENTIFYING murky red potion
  2444 | D:6      | 2444 ||| DROPPING potion of attraction.
  2445 | D:6      | 2445 ||| Stepping randomly (stuck).
  2446 | D:6      | 2446 ||| Stepping ~*~*~tactically~*~*~ (cloud).
  2472 | D:5      | Entered Level 5 of the Dungeon
  2477 | D:5      | Reached XP level 8. HP: 78/78 MP: 8/8
  2486 | D:5      | Reached skill level 1 in Armour
  2486 | D:5      | 2486 ||| Stepping ~*~*~tactically~*~*~ (stealth).
  2492 | D:5      | 2492 ||| Stepping ~*~*~tactically~*~*~ (stealth).
  2493 | D:5      | 2493 ||| Stepping ~*~*~tactically~*~*~ (hiding).
  2494 | D:5      | 2494 ||| Stepping ~*~*~tactically~*~*~ (hiding).
  2495 | D:5      | 2495 ||| Stepping ~*~*~tactically~*~*~ (hiding).
  2506 | D:5      | Reached skill level 9 in Unarmed Combat
  2533 | D:5      | 2533 ||| DRINKING 2 pink potions.
  2634 | D:5      | 2634 ||| DRINKING 2 sedimented yellow potions.
  2635 | D:5      | 2635 ||| DROPPING potion of ambrosia.
  2652 | D:4      | Identified the +1 ring mail of Bedevilment {+Blink}
  2737 | D:4      | Reached skill level 1 in Throwing
  2813 | D:4      | 2813 ||| READING scroll of enchant armour.
  2813 | D:4      | 2813 ||| ENCHANTING +0 steam dragon scales.
  3004 | D:4      | Found Efuzid's General Store.
  3012 | D:4      | 3012 ||| BUYING scroll of enchant armour (97 gold).
  3012 | D:4      | Bought a scroll of enchant armour for 97 gold pieces
  3012 | D:4      | 3012 ||| READING scroll of enchant armour.
  3012 | D:4      | 3012 ||| ENCHANTING +1 steam dragon scales.
  3043 | D:4      | Found an opulent altar of Gozag.
  3043 | D:4      | Found a sacrificial altar of Ru.
  3101 | D:4      | 3101 ||| READING scroll of enchant armour.
  3101 | D:4      | 3101 ||| ENCHANTING +2 steam dragon scales.
  3407 | D:4      | 3407 ||| READING scroll labelled LIQUID POEGOCA.
  3408 | D:4      | 3408 ||| READING scroll labelled DECAOWNAOWNA.
  3409 | D:4      | 3409 ||| DRINKING 2 dark potions.
  3409 | D:4      | Gained mutation: You have sharp toenails. [potion of
                  | mutation]
  3495 | D:5      | 3495 ||| Stepping ~*~*~tactically~*~*~ (stealth).
  3542 | D:5      | Reached skill level 1 in Dodging
  3629 | D:5      | 3629 ||| Stepping ~*~*~tactically~*~*~ (hiding).
  3753 | D:5      | 3753 ||| Stepping ~*~*~tactically~*~*~ (stealth).
  3755 | D:5      | 3755 ||| Stepping ~*~*~tactically~*~*~ (hiding).
  3757 | D:5      | 3757 ||| Stepping ~*~*~tactically~*~*~ (hiding).
  3759 | D:5      | 3759 ||| Stepping ~*~*~tactically~*~*~ (hiding).
  3760 | D:5      | 3760 ||| Stepping ~*~*~tactically~*~*~ (hiding).
  3762 | D:5      | 3762 ||| Stepping ~*~*~tactically~*~*~ (hiding).
  3829 | D:5      | 3829 ||| Stepping ~*~*~tactically~*~*~ (stealth).
  3994 | D:5      | 3994 ||| READING scroll labelled NAOXKU SEIZOCS.
  4252 | D:6      | Found a runed translucent door.
  4257 | D:6      | 4257 ||| READING 2 scrolls of teleportation.
  4383 | D:7      | Found a sparkling altar of Nemelex Xobeh.
  4390 | D:7      | 4390 ||| Stepping ~*~*~tactically~*~*~ (outnumbered).
  4391 | D:7      | 4391 ||| Stepping ~*~*~tactically~*~*~ (outnumbered).
  4392 | D:7      | 4392 ||| Stepping ~*~*~tactically~*~*~ (outnumbered).
  4405 | D:7      | Reached skill level 10 in Unarmed Combat
  4435 | D:7      | 4435 ||| Stepping ~*~*~tactically~*~*~ (outnumbered).
  4436 | D:7      | 4436 ||| Stepping ~*~*~tactically~*~*~ (outnumbered).
  4439 | D:7      | 4439 ||| Stepping ~*~*~tactically~*~*~ (outnumbered).
  4531 | D:7      | 4531 ||| Stepping ~*~*~tactically~*~*~ (outnumbered).
  4532 | D:7      | 4532 ||| Stepping ~*~*~tactically~*~*~ (outnumbered).
  4533 | D:7      | 4533 ||| Stepping ~*~*~tactically~*~*~ (outnumbered).
  4534 | D:7      | 4534 ||| Stepping ~*~*~tactically~*~*~ (outnumbered).
  4535 | D:7      | 4535 ||| Stepping ~*~*~tactically~*~*~ (outnumbered).
  4539 | D:7      | 4539 ||| Stepping ~*~*~tactically~*~*~ (outnumbered).
  4550 | D:7      | Reached XP level 9. HP: 76/84 MP: 9/9
  4595 | D:7      | 4595 ||| Stepping ~*~*~tactically~*~*~ (hiding).
  4596 | D:7      | 4596 ||| Stepping ~*~*~tactically~*~*~ (hiding).
  4603 | D:7      | 4603 ||| Stepping ~*~*~tactically~*~*~ (hiding).
  4630 | D:7      | 4630 ||| Stepping ~*~*~tactically~*~*~ (stealth).
  4648 | D:7      | Reached skill level 11 in Unarmed Combat
  4650 | D:7      | Found a glowing golden altar of the Shining One.
  4653 | D:7      | Found a basalt altar of Yredelemnul.
  4734 | D:7      | 4734 ||| Stepping ~*~*~tactically~*~*~ (stealth).
  4750 | D:7      | 4750 ||| Stepping ~*~*~tactically~*~*~ (stealth).
  4764 | D:7      | 4764 ||| Stepping ~*~*~tactically~*~*~ (stealth).
  4774 | D:7      | Reached skill level 3 in Throwing
  4794 | D:7      | Noticed Prince Ribbit
  4826 | D:7      | Killed Prince Ribbit
  5036 | D:7      | 5036 ||| UPGRADING to +0 kite shield.
  5041 | D:7      | 5041 ||| UPGRADING to ring of poison resistance.
  5042 | D:7      | 5042 ||| READING 2 scrolls of identify.
  5042 | D:7      | 5042 ||| IDENTIFYING clear potion
  5043 | D:7      | 5043 ||| DROPPING potion of brilliance.
  5131 | D:7      | 5131 ||| READING scroll of teleportation.
  5132 | D:7      | 5132 ||| STAIRDANCE
  5134 | D:6      | 5134 ||| INVOKING Fiery Armour.
  5135 | D:6      | 5135 ||| Stepping ~*~*~tactically~*~*~ (outnumbered).
  5136 | D:6      | 5136 ||| Stepping ~*~*~tactically~*~*~ (outnumbered).
  5137 | D:6      | 5137 ||| Stepping ~*~*~tactically~*~*~ (outnumbered).
  5145 | D:6      | 5145 ||| DRINKING 3 potions of curing.
  5145 | D:6      | 5145 ||| (to cure confusion)
  5150 | D:6      | Reached skill level 1 in Shields
  5210 | D:6      | 5210 ||| Stepping randomly (stuck).
  5212 | D:6      | 5212 ||| Stepping randomly (stuck).
  5214 | D:6      | 5214 ||| Stepping randomly (stuck).
  5215 | D:6      | 5215 ||| Stepping randomly (stuck).
  5217 | D:6      | 5217 ||| Stepping randomly (stuck).
  5351 | D:7      | 5351 ||| Stepping randomly (stuck).
  5470 | D:6      | 5470 ||| Stepping randomly (stuck).
  5541 | D:8      | 5541 ||| Stepping ~*~*~tactically~*~*~ (hiding).
  5553 | D:8      | 5553 ||| INVOKING Fiery Armour.
  5557 | D:8      | Reached skill level 3 in Shields
  5643 | D:8      | 5643 ||| INVOKING Fiery Armour.
  5784 | D:8      | 5784 ||| Stepping ~*~*~tactically~*~*~ (hiding).
  5789 | D:8      | 5789 ||| Stepping ~*~*~tactically~*~*~ (stealth).
  6015 | D:8      | Noticed Gastronok
  6016 | D:8      | 6016 ||| Stepping ~*~*~tactically~*~*~ (hiding).
  6038 | D:8      | Killed Gastronok
  6039 | D:8      | Reached XP level 10. HP: 70/93 MP: 10/10
  6152 | D:8      | Noticed Psyche
  6153 | D:8      | 6153 ||| Stepping ~*~*~tactically~*~*~ (hiding).
  6155 | D:8      | 6155 ||| INVOKING Fiery Armour.
  6166 | D:8      | Killed Psyche
  6224 | D:8      | 6224 ||| Stepping ~*~*~tactically~*~*~ (stealth).
  6225 | D:8      | 6225 ||| Stepping ~*~*~tactically~*~*~ (stealth).
  6484 | D:8      | Noticed a boulder beetle
  6485 | D:8      | 6485 ||| INVOKING Fiery Armour.
  6495 | D:8      | Killed a boulder beetle
  6514 | D:8      | Noticed a gargoyle
  6514 | D:8      | Noticed a red ugly thing
  6515 | D:8      | 6515 ||| Stepping ~*~*~tactically~*~*~ (hiding).
  6525 | D:8      | Killed a red ugly thing
  6526 | D:8      | Reached skill level 9 in Shields
  6531 | D:8      | Killed a gargoyle
  6534 | D:8      | 6534 ||| FLEEEEING.
  6573 | D:8      | Noticed a centaur warrior
  6578 | D:8      | Reached skill level 12 in Unarmed Combat
  6583 | D:8      | Noticed a gargoyle
  6584 | D:8      | Killed a centaur warrior
  6590 | D:8      | Killed a gargoyle
  6623 | D:8      | Identified the +2 leather armour of Loul {+Inv rF+ Regen+}
  6623 | D:8      | Identified the +10 scale mail "Gairyoz" {rN+ Str-5 SInv
                  | Stlth+}
  6642 | D:8      | Reached XP level 11. HP: 102/102 MP: 11/11
  6905 | D:8      | 6905 ||| UPGRADING to +2 hat of willpower.
  6910 | D:8      | 6910 ||| READING 2 scrolls labelled URCHUTOWK HUSCHO.
  6911 | D:8      | 6911 ||| DROPPING scroll of amnesia.
  7024 | D:9      | 7024 ||| Stepping ~*~*~tactically~*~*~ (hiding).
  7027 | D:9      | 7027 ||| INVOKING Fiery Armour.
  7053 | D:9      | Found an iron altar of Okawaru.
  7058 | D:9      | 7058 ||| FLEEEEING.
  7059 | D:9      | 7059 ||| FLEEEEING.
  7060 | D:9      | 7060 ||| FLEEEEING.
  7196 | D:9      | 7196 ||| Stepping ~*~*~tactically~*~*~ (stealth).
  7460 | D:9      | 7460 ||| Stepping ~*~*~tactically~*~*~ (stealth).
  7469 | D:9      | 7469 ||| Stepping ~*~*~tactically~*~*~ (hiding).
  7853 | D:10     | Entered Level 10 of the Dungeon
  7878 | D:10     | 7878 ||| Stepping ~*~*~tactically~*~*~ (outnumbered).
  7879 | D:10     | 7879 ||| Stepping ~*~*~tactically~*~*~ (outnumbered).
  7883 | D:10     | 7883 ||| Stepping ~*~*~tactically~*~*~ (outnumbered).
  8043 | D:10     | 8043 ||| Stepping ~*~*~tactically~*~*~ (outnumbered).
  8044 | D:10     | 8044 ||| Stepping ~*~*~tactically~*~*~ (outnumbered).
  8045 | D:10     | 8045 ||| Stepping ~*~*~tactically~*~*~ (outnumbered).
  8046 | D:10     | 8046 ||| Stepping ~*~*~tactically~*~*~ (outnumbered).
  8051 | D:10     | Reached skill level 13 in Unarmed Combat
  8111 | D:10     | 8111 ||| Stepping ~*~*~tactically~*~*~ (stealth).
  8113 | D:10     | 8113 ||| Stepping ~*~*~tactically~*~*~ (stealth).
  8119 | D:10     | 8119 ||| Stepping ~*~*~tactically~*~*~ (stealth).
  8201 | D:10     | Found a staircase to the Lair.
  8228 | D:10     | 8228 ||| Stepping ~*~*~tactically~*~*~ (stealth).
  8230 | D:10     | 8230 ||| INVOKING Fiery Armour.
  8233 | D:10     | 8233 ||| Stepping ~*~*~tactically~*~*~ (outnumbered).
  8236 | D:10     | 8236 ||| Stepping ~*~*~tactically~*~*~ (outnumbered).
  8248 | D:10     | 8248 ||| Stepping ~*~*~tactically~*~*~ (outnumbered).
  8319 | D:10     | Noticed a two-headed ogre
  8324 | D:10     | Killed a two-headed ogre
  8576 | D:10     | 8576 ||| PLANNING LAIR
  8576 | D:10     | 8576 ||| READING 6 scrolls of identify.
  8576 | D:10     | 8576 ||| IDENTIFYING fuming coppery potion
  8577 | D:10     | 8577 ||| READING 5 scrolls of identify.
  8577 | D:10     | 8577 ||| IDENTIFYING brown potion
  8594 | Lair:1   | Entered Level 1 of the Lair of Beasts
  8605 | Lair:1   | 8605 ||| DRINKING 3 potions of cancellation.
  8637 | Lair:1   | Noticed a four-headed hydra
  8638 | Lair:1   | 8638 ||| INVOKING Fiery Armour.
  8644 | Lair:1   | Killed a seven-headed hydra
  8678 | Lair:1   | Noticed an eight-headed hydra
  8688 | Lair:1   | Killed a ten-headed hydra
  8810 | Lair:1   | Noticed a four-headed hydra
  8811 | Lair:1   | 8811 ||| INVOKING Fiery Armour.
  8816 | Lair:1   | Killed a six-headed hydra
  8864 | Lair:1   | Reached skill level 14 in Unarmed Combat
  8882 | Lair:1   | Noticed a seven-headed hydra
  8887 | Lair:1   | Killed a nine-headed hydra
  8922 | Lair:1   | Reached skill level 6 in Fighting
  8965 | Lair:1   | Noticed a five-headed hydra
  8967 | Lair:1   | 8967 ||| Stepping ~*~*~tactically~*~*~ (stealth).
  8974 | Lair:1   | 8974 ||| Stepping ~*~*~tactically~*~*~ (outnumbered).
  8975 | Lair:1   | 8975 ||| Stepping ~*~*~tactically~*~*~ (outnumbered).
  8976 | Lair:1   | 8976 ||| Stepping ~*~*~tactically~*~*~ (outnumbered).
  8982 | Lair:1   | Killed an eight-headed hydra
  8983 | Lair:1   | Reached XP level 12. HP: 91/114 MP: 12/12
  9307 | Lair:1   | 9307 ||| PLANNING CONVERSION TO OKAWARU
  9307 | Lair:1   | 9307 ||| DROPPING scarf of shadows.
  9308 | Lair:1   | 9308 ||| DROPPING amulet of guardian spirit.
  9309 | Lair:1   | 9309 ||| UPGRADING to amulet of reflection.
  9319 | Lair:1   | 9319 ||| DROPPING amulet of the acrobat.
  9320 | Lair:1   | 9320 ||| READING 5 scrolls of teleportation.
  9329 | Lair:1   | 9329 ||| READING 4 scrolls of teleportation.
  9332 | Lair:1   | 9332 ||| READING 3 scrolls of teleportation.
  9336 | Lair:1   | 9336 ||| READING 2 scrolls of teleportation.
  9339 | Lair:1   | 9339 ||| READING scroll of teleportation.
  9342 | Lair:1   | 9342 ||| Stepping randomly (stuck).
  9343 | Lair:1   | 9343 ||| Stepping randomly (stuck).
  9344 | Lair:1   | 9344 ||| Stepping randomly (stuck).
  9345 | Lair:1   | 9345 ||| Stepping randomly (stuck).
  9346 | Lair:1   | 9346 ||| Stepping randomly (stuck).
  9347 | Lair:1   | 9347 ||| Stepping randomly (stuck).
  9348 | Lair:1   | 9348 ||| Stepping randomly (stuck).
  9349 | Lair:1   | 9349 ||| Stepping randomly (stuck).
  9350 | Lair:1   | 9350 ||| Stepping randomly (stuck).
  9351 | Lair:1   | 9351 ||| Stepping randomly (stuck).
  9352 | Lair:1   | 9352 ||| Stepping randomly (stuck).
  9353 | Lair:1   | 9353 ||| Stepping randomly (stuck).
  9354 | Lair:1   | 9354 ||| Stepping randomly (stuck).
  9355 | Lair:1   | 9355 ||| Stepping randomly (stuck).
  9356 | Lair:1   | 9356 ||| Stepping randomly (stuck).
  9357 | Lair:1   | 9357 ||| Stepping randomly (stuck).
  9358 | Lair:1   | 9358 ||| Stepping randomly (stuck).
  9359 | Lair:1   | 9359 ||| Stepping randomly (stuck).
  9360 | Lair:1   | 9360 ||| Stepping randomly (stuck).
  9361 | Lair:1   | 9361 ||| Stepping randomly (stuck).
  9362 | Lair:1   | 9362 ||| Stepping randomly (stuck).
  9363 | Lair:1   | 9363 ||| Stepping randomly (stuck).
  9364 | Lair:1   | 9364 ||| Stepping randomly (stuck).
  9365 | Lair:1   | 9365 ||| Stepping randomly (stuck).
  9366 | Lair:1   | 9366 ||| Stepping randomly (stuck).
  9367 | Lair:1   | 9367 ||| Stepping randomly (stuck).
  9368 | Lair:1   | 9368 ||| Stepping randomly (stuck).
  9369 | Lair:1   | 9369 ||| Stepping randomly (stuck).
  9370 | Lair:1   | 9370 ||| Stepping randomly (stuck).
  9371 | Lair:1   | 9371 ||| Stepping randomly (stuck).
  9372 | Lair:1   | 9372 ||| Stepping randomly (stuck).
  9373 | Lair:1   | 9373 ||| Stepping randomly (stuck).
  9374 | Lair:1   | 9374 ||| Stepping randomly (stuck).
  9375 | Lair:1   | 9375 ||| Stepping randomly (stuck).
  9376 | Lair:1   | 9376 ||| Stepping randomly (stuck).
  9377 | Lair:1   | 9377 ||| Stepping randomly (stuck).
  9378 | Lair:1   | 9378 ||| Stepping randomly (stuck).
  9379 | Lair:1   | 9379 ||| Stepping randomly (stuck).
  9380 | Lair:1   | 9380 ||| Stepping randomly (stuck).
  9381 | Lair:1   | 9381 ||| Stepping randomly (stuck).
  9382 | Lair:1   | 9382 ||| Stepping randomly (stuck).
  9383 | Lair:1   | 9383 ||| Stepping randomly (stuck).
  9384 | Lair:1   | 9384 ||| Stepping randomly (stuck).
  9385 | Lair:1   | 9385 ||| Stepping randomly (stuck).
  9386 | Lair:1   | 9386 ||| Stepping randomly (stuck).
  9387 | Lair:1   | 9387 ||| Stepping randomly (stuck).
  9388 | Lair:1   | 9388 ||| Stepping randomly (stuck).
  9389 | Lair:1   | 9389 ||| Stepping randomly (stuck).
  9390 | Lair:1   | 9390 ||| Stepping randomly (stuck).
  9391 | Lair:1   | 9391 ||| Stepping randomly (stuck).
  9392 | Lair:1   | 9392 ||| Stepping randomly (stuck).
  9393 | Lair:1   | 9393 ||| Stepping randomly (stuck).
  9394 | Lair:1   | 9394 ||| Stepping randomly (stuck).
  9395 | Lair:1   | 9395 ||| Stepping randomly (stuck).
  9396 | Lair:1   | 9396 ||| Stepping randomly (stuck).
  9397 | Lair:1   | 9397 ||| Stepping randomly (stuck).
  9398 | Lair:1   | 9398 ||| Stepping randomly (stuck).
  9399 | Lair:1   | 9399 ||| Stepping randomly (stuck).
  9400 | Lair:1   | 9400 ||| Stepping randomly (stuck).
  9401 | Lair:1   | 9401 ||| Stepping randomly (stuck).
  9402 | Lair:1   | 9402 ||| Stepping randomly (stuck).
  9403 | Lair:1   | 9403 ||| Stepping randomly (stuck).
  9404 | Lair:1   | 9404 ||| Stepping randomly (stuck).
  9405 | Lair:1   | 9405 ||| Stepping randomly (stuck).
  9406 | Lair:1   | 9406 ||| Stepping randomly (stuck).
  9407 | Lair:1   | 9407 ||| Stepping randomly (stuck).
  9408 | Lair:1   | 9408 ||| Stepping randomly (stuck).
  9409 | Lair:1   | 9409 ||| Stepping randomly (stuck).
  9410 | Lair:1   | 9410 ||| Stepping randomly (stuck).
  9411 | Lair:1   | 9411 ||| Stepping randomly (stuck).
  9412 | Lair:1   | 9412 ||| Stepping randomly (stuck).
  9413 | Lair:1   | 9413 ||| Stepping randomly (stuck).
  9414 | Lair:1   | 9414 ||| Stepping randomly (stuck).
  9415 | Lair:1   | 9415 ||| Stepping randomly (stuck).
  9416 | Lair:1   | 9416 ||| Stepping randomly (stuck).
  9417 | Lair:1   | 9417 ||| Stepping randomly (stuck).
  9418 | Lair:1   | 9418 ||| Stepping randomly (stuck).
  9419 | Lair:1   | 9419 ||| Stepping randomly (stuck).
  9420 | Lair:1   | 9420 ||| Stepping randomly (stuck).
  9421 | Lair:1   | 9421 ||| Stepping randomly (stuck).
  9422 | Lair:1   | 9422 ||| Stepping randomly (stuck).
  9423 | Lair:1   | 9423 ||| Stepping randomly (stuck).
  9424 | Lair:1   | 9424 ||| Stepping randomly (stuck).
  9425 | Lair:1   | 9425 ||| Stepping randomly (stuck).
  9426 | Lair:1   | 9426 ||| Stepping randomly (stuck).
  9427 | Lair:1   | 9427 ||| Stepping randomly (stuck).
  9428 | Lair:1   | 9428 ||| Stepping randomly (stuck).
  9429 | Lair:1   | 9429 ||| Stepping randomly (stuck).
  9430 | Lair:1   | 9430 ||| Stepping randomly (stuck).
  9431 | Lair:1   | 9431 ||| Stepping randomly (stuck).
  9432 | Lair:1   | 9432 ||| Stepping randomly (stuck).
  9433 | Lair:1   | 9433 ||| Stepping randomly (stuck).
  9434 | Lair:1   | 9434 ||| Stepping randomly (stuck).
  9435 | Lair:1   | 9435 ||| Stepping randomly (stuck).
  9436 | Lair:1   | 9436 ||| Stepping randomly (stuck).
  9437 | Lair:1   | 9437 ||| Stepping randomly (stuck).
  9438 | Lair:1   | 9438 ||| Stepping randomly (stuck).
  9439 | Lair:1   | 9439 ||| Stepping randomly (stuck).
  9440 | Lair:1   | 9440 ||| Stepping randomly (stuck).
  9441 | Lair:1   | 9441 ||| Stepping randomly (stuck).
  9442 | Lair:1   | 9442 ||| Stepping randomly (stuck).
  9443 | Lair:1   | 9443 ||| Stepping randomly (stuck).
  9444 | Lair:1   | 9444 ||| Stepping randomly (stuck).
  9445 | Lair:1   | 9445 ||| Stepping randomly (stuck).
  9446 | Lair:1   | 9446 ||| Stepping randomly (stuck).
  9447 | Lair:1   | 9447 ||| Stepping randomly (stuck).
  9448 | Lair:1   | 9448 ||| Stepping randomly (stuck).
  9449 | Lair:1   | 9449 ||| Stepping randomly (stuck).
  9450 | Lair:1   | 9450 ||| Stepping randomly (stuck).
  9451 | Lair:1   | 9451 ||| Stepping randomly (stuck).
  9452 | Lair:1   | 9452 ||| Stepping randomly (stuck).
  9453 | Lair:1   | 9453 ||| Stepping randomly (stuck).
  9454 | Lair:1   | 9454 ||| Stepping randomly (stuck).
  9455 | Lair:1   | 9455 ||| Stepping randomly (stuck).
  9456 | Lair:1   | 9456 ||| Stepping randomly (stuck).
  9457 | Lair:1   | 9457 ||| Stepping randomly (stuck).
  9458 | Lair:1   | 9458 ||| Stepping randomly (stuck).
  9459 | Lair:1   | 9459 ||| Stepping randomly (stuck).
  9460 | Lair:1   | 9460 ||| Stepping randomly (stuck).
  9461 | Lair:1   | 9461 ||| Stepping randomly (stuck).
  9462 | Lair:1   | 9462 ||| Stepping randomly (stuck).
  9463 | Lair:1   | 9463 ||| Stepping randomly (stuck).
  9464 | Lair:1   | 9464 ||| Stepping randomly (stuck).
  9465 | Lair:1   | 9465 ||| Stepping randomly (stuck).
  9466 | Lair:1   | 9466 ||| Stepping randomly (stuck).
  9467 | Lair:1   | 9467 ||| Stepping randomly (stuck).
  9468 | Lair:1   | 9468 ||| Stepping randomly (stuck).
  9469 | Lair:1   | 9469 ||| Stepping randomly (stuck).
  9470 | Lair:1   | 9470 ||| Stepping randomly (stuck).
  9471 | Lair:1   | 9471 ||| Stepping randomly (stuck).
  9472 | Lair:1   | 9472 ||| Stepping randomly (stuck).
  9473 | Lair:1   | 9473 ||| Stepping randomly (stuck).
  9474 | Lair:1   | 9474 ||| Stepping randomly (stuck).
  9475 | Lair:1   | 9475 ||| Stepping randomly (stuck).
  9476 | Lair:1   | 9476 ||| Stepping randomly (stuck).
  9477 | Lair:1   | 9477 ||| Stepping randomly (stuck).
  9478 | Lair:1   | 9478 ||| Stepping randomly (stuck).
  9479 | Lair:1   | 9479 ||| Stepping randomly (stuck).
  9480 | Lair:1   | 9480 ||| Stepping randomly (stuck).
  9481 | Lair:1   | 9481 ||| Stepping randomly (stuck).
  9482 | Lair:1   | 9482 ||| Stepping randomly (stuck).
  9483 | Lair:1   | 9483 ||| Stepping randomly (stuck).
  9484 | Lair:1   | 9484 ||| Stepping randomly (stuck).
  9485 | Lair:1   | 9485 ||| Stepping randomly (stuck).
  9486 | Lair:1   | 9486 ||| Stepping randomly (stuck).
  9487 | Lair:1   | 9487 ||| Stepping randomly (stuck).
  9488 | Lair:1   | 9488 ||| Stepping randomly (stuck).
  9489 | Lair:1   | 9489 ||| Stepping randomly (stuck).
  9490 | Lair:1   | 9490 ||| Stepping randomly (stuck).
  9491 | Lair:1   | 9491 ||| Stepping randomly (stuck).
  9492 | Lair:1   | 9492 ||| Stepping randomly (stuck).
  9493 | Lair:1   | 9493 ||| Stepping randomly (stuck).
  9494 | Lair:1   | 9494 ||| Stepping randomly (stuck).
  9495 | Lair:1   | 9495 ||| Stepping randomly (stuck).
  9496 | Lair:1   | 9496 ||| Stepping randomly (stuck).
  9497 | Lair:1   | 9497 ||| Stepping randomly (stuck).
  9498 | Lair:1   | 9498 ||| Stepping randomly (stuck).
  9499 | Lair:1   | 9499 ||| Stepping randomly (stuck).
  9500 | Lair:1   | 9500 ||| Stepping randomly (stuck).
  9501 | Lair:1   | 9501 ||| Stepping randomly (stuck).
  9502 | Lair:1   | 9502 ||| Stepping randomly (stuck).
  9503 | Lair:1   | 9503 ||| Stepping randomly (stuck).
  9504 | Lair:1   | 9504 ||| Stepping randomly (stuck).
  9505 | Lair:1   | 9505 ||| Stepping randomly (stuck).
  9506 | Lair:1   | 9506 ||| Stepping randomly (stuck).
  9507 | Lair:1   | 9507 ||| Stepping randomly (stuck).
  9508 | Lair:1   | 9508 ||| Stepping randomly (stuck).
  9509 | Lair:1   | 9509 ||| Stepping randomly (stuck).
  9510 | Lair:1   | 9510 ||| Stepping randomly (stuck).
  9511 | Lair:1   | 9511 ||| Stepping randomly (stuck).
  9512 | Lair:1   | 9512 ||| Stepping randomly (stuck).
  9513 | Lair:1   | 9513 ||| Stepping randomly (stuck).
  9514 | Lair:1   | 9514 ||| Stepping randomly (stuck).
  9515 | Lair:1   | 9515 ||| Stepping randomly (stuck).
  9516 | Lair:1   | 9516 ||| Stepping randomly (stuck).
  9517 | Lair:1   | 9517 ||| Stepping randomly (stuck).
  9518 | Lair:1   | 9518 ||| Stepping randomly (stuck).
  9519 | Lair:1   | 9519 ||| Stepping randomly (stuck).
  9520 | Lair:1   | 9520 ||| Stepping randomly (stuck).
  9521 | Lair:1   | 9521 ||| Stepping randomly (stuck).
  9522 | Lair:1   | 9522 ||| Stepping randomly (stuck).
  9523 | Lair:1   | 9523 ||| Stepping randomly (stuck).
  9524 | Lair:1   | 9524 ||| Stepping randomly (stuck).
  9525 | Lair:1   | 9525 ||| Stepping randomly (stuck).
  9526 | Lair:1   | 9526 ||| Stepping randomly (stuck).
  9527 | Lair:1   | 9527 ||| Stepping randomly (stuck).
  9528 | Lair:1   | 9528 ||| Stepping randomly (stuck).
  9529 | Lair:1   | 9529 ||| Stepping randomly (stuck).
  9530 | Lair:1   | 9530 ||| Stepping randomly (stuck).
  9531 | Lair:1   | 9531 ||| Stepping randomly (stuck).
  9532 | Lair:1   | 9532 ||| Stepping randomly (stuck).
  9533 | Lair:1   | 9533 ||| Stepping randomly (stuck).
  9534 | Lair:1   | 9534 ||| Stepping randomly (stuck).
  9535 | Lair:1   | 9535 ||| Stepping randomly (stuck).
  9536 | Lair:1   | 9536 ||| Stepping randomly (stuck).
  9537 | Lair:1   | 9537 ||| Stepping randomly (stuck).
  9538 | Lair:1   | 9538 ||| Stepping randomly (stuck).
  9539 | Lair:1   | 9539 ||| Stepping randomly (stuck).
  9540 | Lair:1   | 9540 ||| Stepping randomly (stuck).
  9541 | Lair:1   | 9541 ||| Stepping randomly (stuck).
  9542 | Lair:1   | 9542 ||| Stepping randomly (stuck).
  9543 | Lair:1   | 9543 ||| Stepping randomly (stuck).
  9544 | Lair:1   | 9544 ||| Stepping randomly (stuck).
  9545 | Lair:1   | 9545 ||| Stepping randomly (stuck).
  9546 | Lair:1   | 9546 ||| Stepping randomly (stuck).
  9547 | Lair:1   | 9547 ||| Stepping randomly (stuck).
  9548 | Lair:1   | 9548 ||| Stepping randomly (stuck).
  9549 | Lair:1   | 9549 ||| Stepping randomly (stuck).
  9550 | Lair:1   | 9550 ||| Stepping randomly (stuck).
  9551 | Lair:1   | 9551 ||| Stepping randomly (stuck).
  9552 | Lair:1   | 9552 ||| Stepping randomly (stuck).
  9553 | Lair:1   | 9553 ||| Stepping randomly (stuck).
  9554 | Lair:1   | 9554 ||| Stepping randomly (stuck).
  9555 | Lair:1   | 9555 ||| Stepping randomly (stuck).
  9556 | Lair:1   | 9556 ||| Stepping randomly (stuck).
  9557 | Lair:1   | 9557 ||| Stepping randomly (stuck).
  9558 | Lair:1   | 9558 ||| Stepping randomly (stuck).
  9559 | Lair:1   | 9559 ||| Stepping randomly (stuck).
  9560 | Lair:1   | 9560 ||| Stepping randomly (stuck).
  9561 | Lair:1   | 9561 ||| Stepping randomly (stuck).
  9562 | Lair:1   | 9562 ||| Stepping randomly (stuck).
  9563 | Lair:1   | 9563 ||| Stepping randomly (stuck).
  9564 | Lair:1   | 9564 ||| Stepping randomly (stuck).
  9565 | Lair:1   | 9565 ||| Stepping randomly (stuck).
  9566 | Lair:1   | 9566 ||| Stepping randomly (stuck).
  9567 | Lair:1   | 9567 ||| Stepping randomly (stuck).
  9568 | Lair:1   | 9568 ||| Stepping randomly (stuck).
  9569 | Lair:1   | 9569 ||| Stepping randomly (stuck).
  9570 | Lair:1   | 9570 ||| Stepping randomly (stuck).
  9571 | Lair:1   | 9571 ||| Stepping randomly (stuck).
  9572 | Lair:1   | 9572 ||| Stepping randomly (stuck).
  9573 | Lair:1   | 9573 ||| Stepping randomly (stuck).
  9574 | Lair:1   | 9574 ||| Stepping randomly (stuck).
  9575 | Lair:1   | 9575 ||| Stepping randomly (stuck).
  9576 | Lair:1   | 9576 ||| Stepping randomly (stuck).
  9577 | Lair:1   | 9577 ||| Stepping randomly (stuck).
  9578 | Lair:1   | 9578 ||| Stepping randomly (stuck).
  9579 | Lair:1   | 9579 ||| Stepping randomly (stuck).
  9580 | Lair:1   | 9580 ||| Stepping randomly (stuck).
  9581 | Lair:1   | 9581 ||| Stepping randomly (stuck).
  9582 | Lair:1   | 9582 ||| Stepping randomly (stuck).
  9583 | Lair:1   | 9583 ||| Stepping randomly (stuck).
  9584 | Lair:1   | 9584 ||| Stepping randomly (stuck).
  9585 | Lair:1   | 9585 ||| Stepping randomly (stuck).
  9586 | Lair:1   | 9586 ||| Stepping randomly (stuck).
  9587 | Lair:1   | 9587 ||| Stepping randomly (stuck).
  9588 | Lair:1   | 9588 ||| Stepping randomly (stuck).
  9589 | Lair:1   | 9589 ||| Stepping randomly (stuck).
  9590 | Lair:1   | 9590 ||| Stepping randomly (stuck).
  9591 | Lair:1   | 9591 ||| Stepping randomly (stuck).
  9592 | Lair:1   | 9592 ||| Stepping randomly (stuck).
  9593 | Lair:1   | 9593 ||| Stepping randomly (stuck).
  9594 | Lair:1   | 9594 ||| Stepping randomly (stuck).
  9595 | Lair:1   | 9595 ||| Stepping randomly (stuck).
  9596 | Lair:1   | 9596 ||| Stepping randomly (stuck).
  9597 | Lair:1   | 9597 ||| Stepping randomly (stuck).
  9598 | Lair:1   | 9598 ||| Stepping randomly (stuck).
  9599 | Lair:1   | 9599 ||| Stepping randomly (stuck).
  9600 | Lair:1   | 9600 ||| Stepping randomly (stuck).
  9601 | Lair:1   | 9601 ||| Stepping randomly (stuck).
  9602 | Lair:1   | 9602 ||| Stepping randomly (stuck).
  9603 | Lair:1   | 9603 ||| Stepping randomly (stuck).
  9604 | Lair:1   | 9604 ||| Stepping randomly (stuck).
  9605 | Lair:1   | 9605 ||| Stepping randomly (stuck).
  9606 | Lair:1   | 9606 ||| Stepping randomly (stuck).
  9607 | Lair:1   | 9607 ||| Stepping randomly (stuck).
  9608 | Lair:1   | 9608 ||| Stepping randomly (stuck).
  9609 | Lair:1   | 9609 ||| Stepping randomly (stuck).
  9610 | Lair:1   | 9610 ||| Stepping randomly (stuck).
  9611 | Lair:1   | 9611 ||| Stepping randomly (stuck).
  9612 | Lair:1   | 9612 ||| Stepping randomly (stuck).
  9613 | Lair:1   | 9613 ||| Stepping randomly (stuck).
  9614 | Lair:1   | 9614 ||| Stepping randomly (stuck).
  9615 | Lair:1   | 9615 ||| Stepping randomly (stuck).
  9616 | Lair:1   | 9616 ||| Stepping randomly (stuck).
  9617 | Lair:1   | 9617 ||| Stepping randomly (stuck).
  9618 | Lair:1   | 9618 ||| Stepping randomly (stuck).
  9619 | Lair:1   | 9619 ||| Stepping randomly (stuck).
  9620 | Lair:1   | 9620 ||| Stepping randomly (stuck).
  9621 | Lair:1   | 9621 ||| Stepping randomly (stuck).
  9622 | Lair:1   | 9622 ||| Stepping randomly (stuck).
  9623 | Lair:1   | 9623 ||| Stepping randomly (stuck).
  9624 | Lair:1   | 9624 ||| Stepping randomly (stuck).
  9625 | Lair:1   | 9625 ||| Stepping randomly (stuck).
  9626 | Lair:1   | 9626 ||| Stepping randomly (stuck).
  9627 | Lair:1   | 9627 ||| Stepping randomly (stuck).
  9628 | Lair:1   | 9628 ||| Stepping randomly (stuck).
  9629 | Lair:1   | 9629 ||| Stepping randomly (stuck).
  9630 | Lair:1   | 9630 ||| Stepping randomly (stuck).
  9631 | Lair:1   | 9631 ||| Stepping randomly (stuck).
  9632 | Lair:1   | 9632 ||| Stepping randomly (stuck).
  9633 | Lair:1   | 9633 ||| Stepping randomly (stuck).
  9634 | Lair:1   | 9634 ||| Stepping randomly (stuck).
  9635 | Lair:1   | 9635 ||| Stepping randomly (stuck).
  9636 | Lair:1   | 9636 ||| Stepping randomly (stuck).
  9637 | Lair:1   | 9637 ||| Stepping randomly (stuck).
  9638 | Lair:1   | 9638 ||| Stepping randomly (stuck).
  9639 | Lair:1   | 9639 ||| Stepping randomly (stuck).
  9640 | Lair:1   | 9640 ||| Stepping randomly (stuck).
  9641 | Lair:1   | 9641 ||| Stepping randomly (stuck).
  9642 | Lair:1   | 9642 ||| Stepping randomly (stuck).
  9643 | Lair:1   | 9643 ||| Stepping randomly (stuck).
  9644 | Lair:1   | 9644 ||| Stepping randomly (stuck).
  9645 | Lair:1   | 9645 ||| Stepping randomly (stuck).
  9646 | Lair:1   | 9646 ||| Stepping randomly (stuck).
  9647 | Lair:1   | 9647 ||| Stepping randomly (stuck).
  9648 | Lair:1   | 9648 ||| Stepping randomly (stuck).
  9649 | Lair:1   | 9649 ||| Stepping randomly (stuck).
  9650 | Lair:1   | 9650 ||| Stepping randomly (stuck).
  9651 | Lair:1   | 9651 ||| Stepping randomly (stuck).
  9652 | Lair:1   | 9652 ||| Stepping randomly (stuck).
  9653 | Lair:1   | 9653 ||| Stepping randomly (stuck).
  9654 | Lair:1   | 9654 ||| Stepping randomly (stuck).
  9655 | Lair:1   | 9655 ||| Stepping randomly (stuck).
  9656 | Lair:1   | 9656 ||| Stepping randomly (stuck).
  9657 | Lair:1   | 9657 ||| Stepping randomly (stuck).
  9658 | Lair:1   | 9658 ||| Stepping randomly (stuck).
  9659 | Lair:1   | 9659 ||| Stepping randomly (stuck).
  9660 | Lair:1   | 9660 ||| Stepping randomly (stuck).
  9661 | Lair:1   | 9661 ||| Stepping randomly (stuck).
  9662 | Lair:1   | 9662 ||| Stepping randomly (stuck).
  9663 | Lair:1   | 9663 ||| Stepping randomly (stuck).
  9664 | Lair:1   | 9664 ||| Stepping randomly (stuck).
  9665 | Lair:1   | 9665 ||| Stepping randomly (stuck).
  9666 | Lair:1   | 9666 ||| Stepping randomly (stuck).
  9667 | Lair:1   | 9667 ||| Stepping randomly (stuck).
  9668 | Lair:1   | 9668 ||| Stepping randomly (stuck).
  9669 | Lair:1   | 9669 ||| Stepping randomly (stuck).
  9670 | Lair:1   | 9670 ||| Stepping randomly (stuck).
  9671 | Lair:1   | 9671 ||| Stepping randomly (stuck).
  9672 | Lair:1   | 9672 ||| Stepping randomly (stuck).
  9673 | Lair:1   | 9673 ||| Stepping randomly (stuck).
  9674 | Lair:1   | 9674 ||| Stepping randomly (stuck).
  9675 | Lair:1   | 9675 ||| Stepping randomly (stuck).
  9676 | Lair:1   | 9676 ||| Stepping randomly (stuck).
  9677 | Lair:1   | 9677 ||| Stepping randomly (stuck).
  9678 | Lair:1   | 9678 ||| Stepping randomly (stuck).
  9679 | Lair:1   | 9679 ||| Stepping randomly (stuck).
  9680 | Lair:1   | 9680 ||| Stepping randomly (stuck).
  9681 | Lair:1   | 9681 ||| Stepping randomly (stuck).
  9682 | Lair:1   | 9682 ||| Stepping randomly (stuck).
  9683 | Lair:1   | 9683 ||| Stepping randomly (stuck).
  9684 | Lair:1   | 9684 ||| Stepping randomly (stuck).
  9685 | Lair:1   | 9685 ||| Stepping randomly (stuck).
  9686 | Lair:1   | 9686 ||| Stepping randomly (stuck).
  9687 | Lair:1   | 9687 ||| Stepping randomly (stuck).
  9688 | Lair:1   | 9688 ||| Stepping randomly (stuck).
  9689 | Lair:1   | 9689 ||| Stepping randomly (stuck).
  9690 | Lair:1   | 9690 ||| Stepping randomly (stuck).
  9691 | Lair:1   | 9691 ||| Stepping randomly (stuck).
  9692 | Lair:1   | 9692 ||| Stepping randomly (stuck).
  9693 | Lair:1   | 9693 ||| Stepping randomly (stuck).
  9694 | Lair:1   | 9694 ||| Stepping randomly (stuck).
  9695 | Lair:1   | 9695 ||| Stepping randomly (stuck).
  9696 | Lair:1   | 9696 ||| Stepping randomly (stuck).
  9697 | Lair:1   | 9697 ||| Stepping randomly (stuck).
  9698 | Lair:1   | 9698 ||| Stepping randomly (stuck).
  9699 | Lair:1   | 9699 ||| Stepping randomly (stuck).
  9700 | Lair:1   | 9700 ||| Stepping randomly (stuck).
  9701 | Lair:1   | 9701 ||| Stepping randomly (stuck).
  9702 | Lair:1   | 9702 ||| Stepping randomly (stuck).
  9703 | Lair:1   | 9703 ||| Stepping randomly (stuck).
  9704 | Lair:1   | 9704 ||| Stepping randomly (stuck).
  9705 | Lair:1   | 9705 ||| Stepping randomly (stuck).
  9706 | Lair:1   | 9706 ||| Stepping randomly (stuck).
  9707 | Lair:1   | 9707 ||| Stepping randomly (stuck).
  9708 | Lair:1   | 9708 ||| Stepping randomly (stuck).
  9709 | Lair:1   | 9709 ||| Stepping randomly (stuck).
  9710 | Lair:1   | 9710 ||| Stepping randomly (stuck).
  9711 | Lair:1   | 9711 ||| Stepping randomly (stuck).
  9712 | Lair:1   | 9712 ||| Stepping randomly (stuck).
  9713 | Lair:1   | 9713 ||| Stepping randomly (stuck).
  9714 | Lair:1   | 9714 ||| Stepping randomly (stuck).
  9715 | Lair:1   | 9715 ||| Stepping randomly (stuck).
  9716 | Lair:1   | 9716 ||| Stepping randomly (stuck).
  9717 | Lair:1   | 9717 ||| Stepping randomly (stuck).
  9718 | Lair:1   | 9718 ||| Stepping randomly (stuck).
  9719 | Lair:1   | 9719 ||| Stepping randomly (stuck).
  9720 | Lair:1   | 9720 ||| Stepping randomly (stuck).
  9721 | Lair:1   | 9721 ||| Stepping randomly (stuck).
  9722 | Lair:1   | 9722 ||| Stepping randomly (stuck).
  9723 | Lair:1   | 9723 ||| Stepping randomly (stuck).
  9724 | Lair:1   | 9724 ||| Stepping randomly (stuck).
  9725 | Lair:1   | 9725 ||| Stepping randomly (stuck).
  9726 | Lair:1   | 9726 ||| Stepping randomly (stuck).
  9727 | Lair:1   | 9727 ||| Stepping randomly (stuck).
  9728 | Lair:1   | 9728 ||| Stepping randomly (stuck).
  9729 | Lair:1   | 9729 ||| Stepping randomly (stuck).
  9730 | Lair:1   | 9730 ||| Stepping randomly (stuck).
  9731 | Lair:1   | 9731 ||| Stepping randomly (stuck).
  9732 | Lair:1   | 9732 ||| Stepping randomly (stuck).
  9733 | Lair:1   | 9733 ||| Stepping randomly (stuck).
  9734 | Lair:1   | 9734 ||| Stepping randomly (stuck).
  9735 | Lair:1   | 9735 ||| Stepping randomly (stuck).
  9736 | Lair:1   | 9736 ||| Stepping randomly (stuck).
  9737 | Lair:1   | 9737 ||| Stepping randomly (stuck).
  9738 | Lair:1   | 9738 ||| Stepping randomly (stuck).
  9739 | Lair:1   | 9739 ||| Stepping randomly (stuck).
  9740 | Lair:1   | 9740 ||| Stepping randomly (stuck).
  9741 | Lair:1   | 9741 ||| Stepping randomly (stuck).
  9742 | Lair:1   | 9742 ||| Stepping randomly (stuck).
  9743 | Lair:1   | 9743 ||| Stepping randomly (stuck).
  9744 | Lair:1   | 9744 ||| Stepping randomly (stuck).
  9745 | Lair:1   | 9745 ||| Stepping randomly (stuck).
  9746 | Lair:1   | 9746 ||| Stepping randomly (stuck).
  9747 | Lair:1   | 9747 ||| Stepping randomly (stuck).
  9748 | Lair:1   | 9748 ||| Stepping randomly (stuck).
  9749 | Lair:1   | 9749 ||| Stepping randomly (stuck).
  9750 | Lair:1   | 9750 ||| Stepping randomly (stuck).
  9751 | Lair:1   | 9751 ||| Stepping randomly (stuck).
  9752 | Lair:1   | 9752 ||| Stepping randomly (stuck).
  9753 | Lair:1   | 9753 ||| Stepping randomly (stuck).
  9754 | Lair:1   | 9754 ||| Stepping randomly (stuck).
  9755 | Lair:1   | 9755 ||| Stepping randomly (stuck).
  9756 | Lair:1   | 9756 ||| Stepping randomly (stuck).
  9757 | Lair:1   | 9757 ||| Stepping randomly (stuck).
  9758 | Lair:1   | 9758 ||| Stepping randomly (stuck).
  9759 | Lair:1   | 9759 ||| Stepping randomly (stuck).
  9760 | Lair:1   | 9760 ||| Stepping randomly (stuck).
  9761 | Lair:1   | 9761 ||| Stepping randomly (stuck).
  9762 | Lair:1   | 9762 ||| Stepping randomly (stuck).
  9763 | Lair:1   | 9763 ||| Stepping randomly (stuck).
  9764 | Lair:1   | 9764 ||| Stepping randomly (stuck).
  9765 | Lair:1   | 9765 ||| Stepping randomly (stuck).
  9766 | Lair:1   | 9766 ||| Stepping randomly (stuck).
  9767 | Lair:1   | 9767 ||| Stepping randomly (stuck).
  9768 | Lair:1   | 9768 ||| Stepping randomly (stuck).
  9769 | Lair:1   | 9769 ||| Stepping randomly (stuck).
  9770 | Lair:1   | 9770 ||| Stepping randomly (stuck).
  9771 | Lair:1   | 9771 ||| Stepping randomly (stuck).
  9772 | Lair:1   | 9772 ||| Stepping randomly (stuck).
  9773 | Lair:1   | 9773 ||| Stepping randomly (stuck).
  9774 | Lair:1   | 9774 ||| Stepping randomly (stuck).
  9775 | Lair:1   | 9775 ||| Stepping randomly (stuck).
  9776 | Lair:1   | 9776 ||| Stepping randomly (stuck).
  9777 | Lair:1   | 9777 ||| Stepping randomly (stuck).
  9778 | Lair:1   | 9778 ||| Stepping randomly (stuck).
  9779 | Lair:1   | 9779 ||| Stepping randomly (stuck).
  9780 | Lair:1   | 9780 ||| Stepping randomly (stuck).
  9781 | Lair:1   | 9781 ||| Stepping randomly (stuck).
  9782 | Lair:1   | 9782 ||| Stepping randomly (stuck).
  9783 | Lair:1   | 9783 ||| Stepping randomly (stuck).
  9784 | Lair:1   | 9784 ||| Stepping randomly (stuck).
  9785 | Lair:1   | 9785 ||| Stepping randomly (stuck).
  9786 | Lair:1   | 9786 ||| Stepping randomly (stuck).
  9787 | Lair:1   | 9787 ||| Stepping randomly (stuck).
  9788 | Lair:1   | 9788 ||| Stepping randomly (stuck).
  9789 | Lair:1   | 9789 ||| Stepping randomly (stuck).
  9790 | Lair:1   | 9790 ||| Stepping randomly (stuck).
  9791 | Lair:1   | 9791 ||| Stepping randomly (stuck).
  9792 | Lair:1   | 9792 ||| Stepping randomly (stuck).
  9793 | Lair:1   | 9793 ||| Stepping randomly (stuck).
  9794 | Lair:1   | 9794 ||| Stepping randomly (stuck).
  9795 | Lair:1   | 9795 ||| Stepping randomly (stuck).
  9796 | Lair:1   | 9796 ||| Stepping randomly (stuck).
  9797 | Lair:1   | 9797 ||| Stepping randomly (stuck).
  9798 | Lair:1   | 9798 ||| Stepping randomly (stuck).
  9799 | Lair:1   | 9799 ||| Stepping randomly (stuck).
  9800 | Lair:1   | 9800 ||| Stepping randomly (stuck).
  9801 | Lair:1   | 9801 ||| Stepping randomly (stuck).
  9802 | Lair:1   | 9802 ||| Stepping randomly (stuck).
  9803 | Lair:1   | 9803 ||| Stepping randomly (stuck).
  9804 | Lair:1   | 9804 ||| Stepping randomly (stuck).
  9805 | Lair:1   | 9805 ||| Stepping randomly (stuck).
  9806 | Lair:1   | 9806 ||| Stepping randomly (stuck).
  9807 | Lair:1   | 9807 ||| Stepping randomly (stuck).
  9808 | Lair:1   | 9808 ||| Stepping randomly (stuck).
  9809 | Lair:1   | 9809 ||| Stepping randomly (stuck).
  9810 | Lair:1   | 9810 ||| Stepping randomly (stuck).
  9811 | Lair:1   | 9811 ||| Stepping randomly (stuck).
  9812 | Lair:1   | 9812 ||| Stepping randomly (stuck).
  9813 | Lair:1   | 9813 ||| Stepping randomly (stuck).
  9814 | Lair:1   | 9814 ||| Stepping randomly (stuck).
  9815 | Lair:1   | 9815 ||| Stepping randomly (stuck).
  9816 | Lair:1   | 9816 ||| Stepping randomly (stuck).
  9817 | Lair:1   | 9817 ||| Stepping randomly (stuck).
  9818 | Lair:1   | 9818 ||| Stepping randomly (stuck).
  9819 | Lair:1   | 9819 ||| Stepping randomly (stuck).
  9820 | Lair:1   | 9820 ||| Stepping randomly (stuck).
  9821 | Lair:1   | 9821 ||| Stepping randomly (stuck).
  9822 | Lair:1   | 9822 ||| Stepping randomly (stuck).
  9823 | Lair:1   | 9823 ||| Stepping randomly (stuck).
  9824 | Lair:1   | 9824 ||| Stepping randomly (stuck).
  9825 | Lair:1   | 9825 ||| Stepping randomly (stuck).
  9826 | Lair:1   | 9826 ||| Stepping randomly (stuck).
  9827 | Lair:1   | 9827 ||| Stepping randomly (stuck).
  9828 | Lair:1   | 9828 ||| Stepping randomly (stuck).
  9829 | Lair:1   | 9829 ||| Stepping randomly (stuck).
  9830 | Lair:1   | 9830 ||| Stepping randomly (stuck).
  9831 | Lair:1   | 9831 ||| Stepping randomly (stuck).
  9832 | Lair:1   | 9832 ||| Stepping randomly (stuck).
  9833 | Lair:1   | 9833 ||| Stepping randomly (stuck).
  9834 | Lair:1   | 9834 ||| Stepping randomly (stuck).
  9835 | Lair:1   | 9835 ||| Stepping randomly (stuck).
  9836 | Lair:1   | 9836 ||| Stepping randomly (stuck).
  9837 | Lair:1   | 9837 ||| Stepping randomly (stuck).
  9838 | Lair:1   | 9838 ||| Stepping randomly (stuck).
  9839 | Lair:1   | 9839 ||| Stepping randomly (stuck).
  9840 | Lair:1   | 9840 ||| Stepping randomly (stuck).
  9841 | Lair:1   | 9841 ||| Stepping randomly (stuck).
  9842 | Lair:1   | 9842 ||| Stepping randomly (stuck).
  9843 | Lair:1   | 9843 ||| Stepping randomly (stuck).
  9844 | Lair:1   | 9844 ||| Stepping randomly (stuck).
  9845 | Lair:1   | 9845 ||| Stepping randomly (stuck).
  9846 | Lair:1   | 9846 ||| Stepping randomly (stuck).
  9847 | Lair:1   | 9847 ||| Stepping randomly (stuck).
  9848 | Lair:1   | 9848 ||| Stepping randomly (stuck).
  9849 | Lair:1   | 9849 ||| Stepping randomly (stuck).
  9850 | Lair:1   | 9850 ||| Stepping randomly (stuck).
  9851 | Lair:1   | 9851 ||| Stepping randomly (stuck).
  9852 | Lair:1   | 9852 ||| Stepping randomly (stuck).
  9853 | Lair:1   | 9853 ||| Stepping randomly (stuck).
  9854 | Lair:1   | 9854 ||| Stepping randomly (stuck).
  9855 | Lair:1   | 9855 ||| Stepping randomly (stuck).
  9856 | Lair:1   | 9856 ||| Stepping randomly (stuck).
  9857 | Lair:1   | 9857 ||| Stepping randomly (stuck).
  9858 | Lair:1   | 9858 ||| Stepping randomly (stuck).
  9859 | Lair:1   | 9859 ||| Stepping randomly (stuck).
  9860 | Lair:1   | 9860 ||| Stepping randomly (stuck).
  9861 | Lair:1   | 9861 ||| Stepping randomly (stuck).
  9862 | Lair:1   | 9862 ||| Stepping randomly (stuck).
  9863 | Lair:1   | 9863 ||| Stepping randomly (stuck).
  9864 | Lair:1   | 9864 ||| Stepping randomly (stuck).
  9865 | Lair:1   | 9865 ||| Stepping randomly (stuck).
  9866 | Lair:1   | 9866 ||| Stepping randomly (stuck).
  9867 | Lair:1   | 9867 ||| Stepping randomly (stuck).
  9868 | Lair:1   | 9868 ||| Stepping randomly (stuck).
  9869 | Lair:1   | 9869 ||| Stepping randomly (stuck).
  9870 | Lair:1   | 9870 ||| Stepping randomly (stuck).
  9871 | Lair:1   | 9871 ||| Stepping randomly (stuck).
  9872 | Lair:1   | 9872 ||| Stepping randomly (stuck).
  9873 | Lair:1   | 9873 ||| Stepping randomly (stuck).
  9874 | Lair:1   | 9874 ||| Stepping randomly (stuck).
  9875 | Lair:1   | 9875 ||| Stepping randomly (stuck).
  9876 | Lair:1   | 9876 ||| Stepping randomly (stuck).
  9877 | Lair:1   | 9877 ||| Stepping randomly (stuck).
  9878 | Lair:1   | 9878 ||| Stepping randomly (stuck).
  9879 | Lair:1   | 9879 ||| Stepping randomly (stuck).
  9880 | Lair:1   | 9880 ||| Stepping randomly (stuck).
  9881 | Lair:1   | 9881 ||| Stepping randomly (stuck).
  9882 | Lair:1   | 9882 ||| Stepping randomly (stuck).
  9883 | Lair:1   | 9883 ||| Stepping randomly (stuck).
  9884 | Lair:1   | 9884 ||| Stepping randomly (stuck).
  9885 | Lair:1   | 9885 ||| Stepping randomly (stuck).
  9886 | Lair:1   | 9886 ||| Stepping randomly (stuck).
  9887 | Lair:1   | 9887 ||| Stepping randomly (stuck).
  9888 | Lair:1   | 9888 ||| Stepping randomly (stuck).
  9889 | Lair:1   | 9889 ||| Stepping randomly (stuck).
  9890 | Lair:1   | 9890 ||| Stepping randomly (stuck).
  9891 | Lair:1   | 9891 ||| Stepping randomly (stuck).
  9892 | Lair:1   | 9892 ||| Stepping randomly (stuck).
  9893 | Lair:1   | 9893 ||| Stepping randomly (stuck).
  9894 | Lair:1   | 9894 ||| Stepping randomly (stuck).
  9895 | Lair:1   | 9895 ||| Stepping randomly (stuck).
  9896 | Lair:1   | 9896 ||| Stepping randomly (stuck).
  9897 | Lair:1   | 9897 ||| Stepping randomly (stuck).
  9898 | Lair:1   | 9898 ||| Stepping randomly (stuck).
  9899 | Lair:1   | 9899 ||| Stepping randomly (stuck).
  9900 | Lair:1   | 9900 ||| Stepping randomly (stuck).
  9901 | Lair:1   | 9901 ||| Stepping randomly (stuck).
  9902 | Lair:1   | 9902 ||| Stepping randomly (stuck).
  9903 | Lair:1   | 9903 ||| Stepping randomly (stuck).
  9904 | Lair:1   | 9904 ||| Stepping randomly (stuck).
  9905 | Lair:1   | 9905 ||| Stepping randomly (stuck).
  9906 | Lair:1   | 9906 ||| Stepping randomly (stuck).
  9907 | Lair:1   | 9907 ||| Stepping randomly (stuck).
  9908 | Lair:1   | 9908 ||| Stepping randomly (stuck).
  9909 | Lair:1   | 9909 ||| Stepping randomly (stuck).
  9910 | Lair:1   | 9910 ||| Stepping randomly (stuck).
  9911 | Lair:1   | 9911 ||| Stepping randomly (stuck).
  9912 | Lair:1   | 9912 ||| Stepping randomly (stuck).
  9913 | Lair:1   | 9913 ||| Stepping randomly (stuck).
  9914 | Lair:1   | 9914 ||| Stepping randomly (stuck).
  9915 | Lair:1   | 9915 ||| Stepping randomly (stuck).
  9916 | Lair:1   | 9916 ||| Stepping randomly (stuck).
  9917 | Lair:1   | 9917 ||| Stepping randomly (stuck).
  9918 | Lair:1   | 9918 ||| Stepping randomly (stuck).
  9919 | Lair:1   | 9919 ||| Stepping randomly (stuck).
  9920 | Lair:1   | 9920 ||| Stepping randomly (stuck).
  9921 | Lair:1   | 9921 ||| Stepping randomly (stuck).
  9922 | Lair:1   | 9922 ||| Stepping randomly (stuck).
  9923 | Lair:1   | 9923 ||| Stepping randomly (stuck).
  9924 | Lair:1   | 9924 ||| Stepping randomly (stuck).
  9925 | Lair:1   | 9925 ||| Stepping randomly (stuck).
  9926 | Lair:1   | 9926 ||| Stepping randomly (stuck).
  9927 | Lair:1   | 9927 ||| Stepping randomly (stuck).
  9928 | Lair:1   | 9928 ||| Stepping randomly (stuck).
  9929 | Lair:1   | 9929 ||| Stepping randomly (stuck).
  9930 | Lair:1   | 9930 ||| Stepping randomly (stuck).
  9931 | Lair:1   | 9931 ||| Stepping randomly (stuck).
  9932 | Lair:1   | 9932 ||| Stepping randomly (stuck).
  9933 | Lair:1   | 9933 ||| Stepping randomly (stuck).
  9934 | Lair:1   | 9934 ||| Stepping randomly (stuck).
  9935 | Lair:1   | 9935 ||| Stepping randomly (stuck).
  9936 | Lair:1   | 9936 ||| Stepping randomly (stuck).
  9937 | Lair:1   | 9937 ||| Stepping randomly (stuck).
  9938 | Lair:1   | 9938 ||| Stepping randomly (stuck).
  9939 | Lair:1   | 9939 ||| Stepping randomly (stuck).
  9940 | Lair:1   | 9940 ||| Stepping randomly (stuck).
  9941 | Lair:1   | 9941 ||| Stepping randomly (stuck).
  9942 | Lair:1   | 9942 ||| Stepping randomly (stuck).
  9943 | Lair:1   | 9943 ||| Stepping randomly (stuck).
  9944 | Lair:1   | 9944 ||| Stepping randomly (stuck).
  9945 | Lair:1   | 9945 ||| Stepping randomly (stuck).
  9946 | Lair:1   | 9946 ||| Stepping randomly (stuck).
  9947 | Lair:1   | 9947 ||| Stepping randomly (stuck).
  9948 | Lair:1   | 9948 ||| Stepping randomly (stuck).
  9949 | Lair:1   | 9949 ||| Stepping randomly (stuck).
  9950 | Lair:1   | 9950 ||| Stepping randomly (stuck).
  9951 | Lair:1   | 9951 ||| Stepping randomly (stuck).
  9952 | Lair:1   | 9952 ||| Stepping randomly (stuck).
  9953 | Lair:1   | 9953 ||| Stepping randomly (stuck).
  9954 | Lair:1   | 9954 ||| Stepping randomly (stuck).
  9955 | Lair:1   | 9955 ||| Stepping randomly (stuck).
  9956 | Lair:1   | 9956 ||| Stepping randomly (stuck).
  9957 | Lair:1   | 9957 ||| Stepping randomly (stuck).
  9958 | Lair:1   | 9958 ||| Stepping randomly (stuck).
  9959 | Lair:1   | 9959 ||| Stepping randomly (stuck).
  9960 | Lair:1   | 9960 ||| Stepping randomly (stuck).
  9961 | Lair:1   | 9961 ||| Stepping randomly (stuck).
  9962 | Lair:1   | 9962 ||| Stepping randomly (stuck).
  9963 | Lair:1   | 9963 ||| Stepping randomly (stuck).
  9964 | Lair:1   | 9964 ||| Stepping randomly (stuck).
  9965 | Lair:1   | 9965 ||| Stepping randomly (stuck).
  9966 | Lair:1   | 9966 ||| Stepping randomly (stuck).
  9967 | Lair:1   | 9967 ||| Stepping randomly (stuck).
  9968 | Lair:1   | 9968 ||| Stepping randomly (stuck).
  9969 | Lair:1   | 9969 ||| Stepping randomly (stuck).
  9970 | Lair:1   | 9970 ||| Stepping randomly (stuck).
  9971 | Lair:1   | 9971 ||| Stepping randomly (stuck).
  9972 | Lair:1   | 9972 ||| Stepping randomly (stuck).
  9973 | Lair:1   | 9973 ||| Stepping randomly (stuck).
  9974 | Lair:1   | 9974 ||| Stepping randomly (stuck).
  9975 | Lair:1   | 9975 ||| Stepping randomly (stuck).
  9976 | Lair:1   | 9976 ||| Stepping randomly (stuck).
  9977 | Lair:1   | 9977 ||| Stepping randomly (stuck).
  9978 | Lair:1   | 9978 ||| Stepping randomly (stuck).
  9979 | Lair:1   | 9979 ||| Stepping randomly (stuck).
  9980 | Lair:1   | 9980 ||| Stepping randomly (stuck).
  9981 | Lair:1   | 9981 ||| Stepping randomly (stuck).
  9982 | Lair:1   | 9982 ||| Stepping randomly (stuck).
  9983 | Lair:1   | 9983 ||| Stepping randomly (stuck).
  9984 | Lair:1   | 9984 ||| Stepping randomly (stuck).
  9985 | Lair:1   | 9985 ||| Stepping randomly (stuck).
  9986 | Lair:1   | 9986 ||| Stepping randomly (stuck).
  9987 | Lair:1   | 9987 ||| Stepping randomly (stuck).
  9988 | Lair:1   | 9988 ||| Stepping randomly (stuck).
  9989 | Lair:1   | 9989 ||| Stepping randomly (stuck).
  9990 | Lair:1   | 9990 ||| Stepping randomly (stuck).
  9991 | Lair:1   | 9991 ||| Stepping randomly (stuck).
  9992 | Lair:1   | 9992 ||| Stepping randomly (stuck).
  9993 | Lair:1   | 9993 ||| Stepping randomly (stuck).
  9994 | Lair:1   | 9994 ||| Stepping randomly (stuck).
  9995 | Lair:1   | 9995 ||| Stepping randomly (stuck).
  9996 | Lair:1   | 9996 ||| Stepping randomly (stuck).
  9997 | Lair:1   | 9997 ||| Stepping randomly (stuck).
  9998 | Lair:1   | 9998 ||| Stepping randomly (stuck).
  9999 | Lair:1   | 9999 ||| Stepping randomly (stuck).
 10000 | Lair:1   | 10000 ||| Stepping randomly (stuck).
 10001 | Lair:1   | 10001 ||| Stepping randomly (stuck).
 10002 | Lair:1   | 10002 ||| Stepping randomly (stuck).
 10003 | Lair:1   | 10003 ||| Stepping randomly (stuck).
 10004 | Lair:1   | 10004 ||| Stepping randomly (stuck).
 10005 | Lair:1   | 10005 ||| Stepping randomly (stuck).
 10006 | Lair:1   | 10006 ||| Stepping randomly (stuck).
 10007 | Lair:1   | 10007 ||| Stepping randomly (stuck).
 10008 | Lair:1   | 10008 ||| Stepping randomly (stuck).
 10009 | Lair:1   | 10009 ||| Stepping randomly (stuck).
 10010 | Lair:1   | 10010 ||| Stepping randomly (stuck).
 10011 | Lair:1   | 10011 ||| Stepping randomly (stuck).
 10012 | Lair:1   | 10012 ||| Stepping randomly (stuck).
 10013 | Lair:1   | 10013 ||| Stepping randomly (stuck).
 10014 | Lair:1   | 10014 ||| Stepping randomly (stuck).
 10015 | Lair:1   | 10015 ||| Stepping randomly (stuck).
 10016 | Lair:1   | 10016 ||| Stepping randomly (stuck).
 10017 | Lair:1   | 10017 ||| Stepping randomly (stuck).
 10018 | Lair:1   | 10018 ||| Stepping randomly (stuck).
 10019 | Lair:1   | 10019 ||| Stepping randomly (stuck).
 10020 | Lair:1   | 10020 ||| Stepping randomly (stuck).
 10021 | Lair:1   | 10021 ||| Stepping randomly (stuck).
 10022 | Lair:1   | 10022 ||| Stepping randomly (stuck).
 10023 | Lair:1   | 10023 ||| Stepping randomly (stuck).
 10024 | Lair:1   | 10024 ||| Stepping randomly (stuck).
 10025 | Lair:1   | 10025 ||| Stepping randomly (stuck).
 10026 | Lair:1   | 10026 ||| Stepping randomly (stuck).
 10027 | Lair:1   | 10027 ||| Stepping randomly (stuck).
 10028 | Lair:1   | 10028 ||| Stepping randomly (stuck).
 10029 | Lair:1   | 10029 ||| Stepping randomly (stuck).
 10030 | Lair:1   | 10030 ||| Stepping randomly (stuck).
 10031 | Lair:1   | 10031 ||| Stepping randomly (stuck).
 10032 | Lair:1   | 10032 ||| Stepping randomly (stuck).
 10033 | Lair:1   | 10033 ||| Stepping randomly (stuck).
 10034 | Lair:1   | 10034 ||| Stepping randomly (stuck).
 10035 | Lair:1   | 10035 ||| Stepping randomly (stuck).
 10036 | Lair:1   | 10036 ||| Stepping randomly (stuck).
 10037 | Lair:1   | 10037 ||| Stepping randomly (stuck).
 10038 | Lair:1   | 10038 ||| Stepping randomly (stuck).
 10039 | Lair:1   | 10039 ||| Stepping randomly (stuck).
 10040 | Lair:1   | 10040 ||| Stepping randomly (stuck).
 10041 | Lair:1   | 10041 ||| Stepping randomly (stuck).
 10042 | Lair:1   | 10042 ||| Stepping randomly (stuck).
 10043 | Lair:1   | 10043 ||| Stepping randomly (stuck).
 10044 | Lair:1   | 10044 ||| Stepping randomly (stuck).
 10045 | Lair:1   | 10045 ||| Stepping randomly (stuck).
 10046 | Lair:1   | 10046 ||| Stepping randomly (stuck).
 10047 | Lair:1   | 10047 ||| Stepping randomly (stuck).
 10048 | Lair:1   | 10048 ||| Stepping randomly (stuck).
 10049 | Lair:1   | 10049 ||| Stepping randomly (stuck).
 10050 | Lair:1   | 10050 ||| Stepping randomly (stuck).
 10051 | Lair:1   | 10051 ||| Stepping randomly (stuck).
 10052 | Lair:1   | 10052 ||| Stepping randomly (stuck).
 10053 | Lair:1   | 10053 ||| Stepping randomly (stuck).
 10054 | Lair:1   | 10054 ||| Stepping randomly (stuck).
 10055 | Lair:1   | 10055 ||| Stepping randomly (stuck).
 10056 | Lair:1   | 10056 ||| Stepping randomly (stuck).
 10057 | Lair:1   | 10057 ||| Stepping randomly (stuck).
 10058 | Lair:1   | 10058 ||| Stepping randomly (stuck).
 10059 | Lair:1   | 10059 ||| Stepping randomly (stuck).
 10060 | Lair:1   | 10060 ||| Stepping randomly (stuck).
 10061 | Lair:1   | 10061 ||| Stepping randomly (stuck).
 10062 | Lair:1   | 10062 ||| Stepping randomly (stuck).
 10063 | Lair:1   | 10063 ||| Stepping randomly (stuck).
 10064 | Lair:1   | 10064 ||| Stepping randomly (stuck).
 10065 | Lair:1   | 10065 ||| Stepping randomly (stuck).
 10066 | Lair:1   | 10066 ||| Stepping randomly (stuck).
 10067 | Lair:1   | 10067 ||| Stepping randomly (stuck).
 10068 | Lair:1   | 10068 ||| Stepping randomly (stuck).
 10069 | Lair:1   | 10069 ||| Stepping randomly (stuck).
 10070 | Lair:1   | 10070 ||| Stepping randomly (stuck).
 10071 | Lair:1   | 10071 ||| Stepping randomly (stuck).
 10072 | Lair:1   | 10072 ||| Stepping randomly (stuck).
 10073 | Lair:1   | 10073 ||| Stepping randomly (stuck).
 10074 | Lair:1   | 10074 ||| Stepping randomly (stuck).
 10075 | Lair:1   | 10075 ||| Stepping randomly (stuck).
 10076 | Lair:1   | 10076 ||| Stepping randomly (stuck).
 10077 | Lair:1   | 10077 ||| Stepping randomly (stuck).
 10078 | Lair:1   | 10078 ||| Stepping randomly (stuck).
 10079 | Lair:1   | 10079 ||| Stepping randomly (stuck).
 10080 | Lair:1   | 10080 ||| Stepping randomly (stuck).
 10081 | Lair:1   | 10081 ||| Stepping randomly (stuck).
 10082 | Lair:1   | 10082 ||| Stepping randomly (stuck).
 10083 | Lair:1   | 10083 ||| Stepping randomly (stuck).
 10084 | Lair:1   | 10084 ||| Stepping randomly (stuck).
 10085 | Lair:1   | 10085 ||| Stepping randomly (stuck).
 10086 | Lair:1   | 10086 ||| Stepping randomly (stuck).
 10087 | Lair:1   | 10087 ||| Stepping randomly (stuck).
 10088 | Lair:1   | 10088 ||| Stepping randomly (stuck).
 10089 | Lair:1   | 10089 ||| Stepping randomly (stuck).
 10090 | Lair:1   | 10090 ||| Stepping randomly (stuck).
 10091 | Lair:1   | 10091 ||| Stepping randomly (stuck).
 10092 | Lair:1   | 10092 ||| Stepping randomly (stuck).
 10093 | Lair:1   | 10093 ||| Stepping randomly (stuck).
 10094 | Lair:1   | 10094 ||| Stepping randomly (stuck).
 10095 | Lair:1   | 10095 ||| Stepping randomly (stuck).
 10096 | Lair:1   | 10096 ||| Stepping randomly (stuck).
 10097 | Lair:1   | 10097 ||| Stepping randomly (stuck).
 10098 | Lair:1   | 10098 ||| Stepping randomly (stuck).
 10099 | Lair:1   | 10099 ||| Stepping randomly (stuck).
 10100 | Lair:1   | 10100 ||| Stepping randomly (stuck).
 10101 | Lair:1   | 10101 ||| Stepping randomly (stuck).
 10102 | Lair:1   | 10102 ||| Stepping randomly (stuck).
 10103 | Lair:1   | 10103 ||| Stepping randomly (stuck).
 10104 | Lair:1   | 10104 ||| Stepping randomly (stuck).
 10105 | Lair:1   | 10105 ||| Stepping randomly (stuck).
 10106 | Lair:1   | 10106 ||| Stepping randomly (stuck).
 10107 | Lair:1   | 10107 ||| Stepping randomly (stuck).
 10108 | Lair:1   | 10108 ||| Stepping randomly (stuck).
 10109 | Lair:1   | 10109 ||| Stepping randomly (stuck).
 10110 | Lair:1   | 10110 ||| Stepping randomly (stuck).
 10111 | Lair:1   | 10111 ||| Stepping randomly (stuck).
 10112 | Lair:1   | 10112 ||| Stepping randomly (stuck).
 10113 | Lair:1   | 10113 ||| Stepping randomly (stuck).
 10114 | Lair:1   | 10114 ||| Stepping randomly (stuck).
 10115 | Lair:1   | 10115 ||| Stepping randomly (stuck).
 10116 | Lair:1   | 10116 ||| Stepping randomly (stuck).
 10117 | Lair:1   | 10117 ||| Stepping randomly (stuck).
 10118 | Lair:1   | 10118 ||| Stepping randomly (stuck).
 10119 | Lair:1   | 10119 ||| Stepping randomly (stuck).
 10120 | Lair:1   | 10120 ||| Stepping randomly (stuck).
 10121 | Lair:1   | 10121 ||| Stepping randomly (stuck).
 10122 | Lair:1   | 10122 ||| Stepping randomly (stuck).
 10123 | Lair:1   | 10123 ||| Stepping randomly (stuck).
 10124 | Lair:1   | 10124 ||| Stepping randomly (stuck).
 10125 | Lair:1   | 10125 ||| Stepping randomly (stuck).
 10126 | Lair:1   | 10126 ||| Stepping randomly (stuck).
 10127 | Lair:1   | 10127 ||| Stepping randomly (stuck).
 10128 | Lair:1   | 10128 ||| Stepping randomly (stuck).
 10129 | Lair:1   | 10129 ||| Stepping randomly (stuck).
 10130 | Lair:1   | 10130 ||| Stepping randomly (stuck).
 10131 | Lair:1   | 10131 ||| Stepping randomly (stuck).
 10132 | Lair:1   | 10132 ||| Stepping randomly (stuck).
 10133 | Lair:1   | 10133 ||| Stepping randomly (stuck).
 10134 | Lair:1   | 10134 ||| Stepping randomly (stuck).
 10135 | Lair:1   | 10135 ||| Stepping randomly (stuck).
 10136 | Lair:1   | 10136 ||| Stepping randomly (stuck).
 10137 | Lair:1   | 10137 ||| Stepping randomly (stuck).
 10138 | Lair:1   | 10138 ||| Stepping randomly (stuck).
 10139 | Lair:1   | 10139 ||| Stepping randomly (stuck).
 10140 | Lair:1   | 10140 ||| Stepping randomly (stuck).
 10141 | Lair:1   | 10141 ||| Stepping randomly (stuck).
 10142 | Lair:1   | 10142 ||| Stepping randomly (stuck).
 10143 | Lair:1   | 10143 ||| Stepping randomly (stuck).
 10144 | Lair:1   | 10144 ||| Stepping randomly (stuck).
 10145 | Lair:1   | 10145 ||| Stepping randomly (stuck).
 10146 | Lair:1   | 10146 ||| Stepping randomly (stuck).
 10147 | Lair:1   | 10147 ||| Stepping randomly (stuck).
 10148 | Lair:1   | 10148 ||| Stepping randomly (stuck).
 10149 | Lair:1   | 10149 ||| Stepping randomly (stuck).
 10150 | Lair:1   | 10150 ||| Stepping randomly (stuck).
 10151 | Lair:1   | 10151 ||| Stepping randomly (stuck).
 10152 | Lair:1   | 10152 ||| Stepping randomly (stuck).
 10153 | Lair:1   | 10153 ||| Stepping randomly (stuck).
 10154 | Lair:1   | 10154 ||| Stepping randomly (stuck).
 10155 | Lair:1   | 10155 ||| Stepping randomly (stuck).
 10156 | Lair:1   | 10156 ||| Stepping randomly (stuck).
 10157 | Lair:1   | 10157 ||| Stepping randomly (stuck).
 10158 | Lair:1   | 10158 ||| Stepping randomly (stuck).
 10159 | Lair:1   | 10159 ||| Stepping randomly (stuck).
 10160 | Lair:1   | 10160 ||| Stepping randomly (stuck).
 10161 | Lair:1   | 10161 ||| Stepping randomly (stuck).
 10162 | Lair:1   | 10162 ||| Stepping randomly (stuck).
 10163 | Lair:1   | 10163 ||| Stepping randomly (stuck).
 10164 | Lair:1   | 10164 ||| Stepping randomly (stuck).
 10165 | Lair:1   | 10165 ||| Stepping randomly (stuck).
 10166 | Lair:1   | 10166 ||| Stepping randomly (stuck).
 10167 | Lair:1   | 10167 ||| Stepping randomly (stuck).
 10168 | Lair:1   | 10168 ||| Stepping randomly (stuck).
 10169 | Lair:1   | 10169 ||| Stepping randomly (stuck).
 10170 | Lair:1   | 10170 ||| Stepping randomly (stuck).
 10171 | Lair:1   | 10171 ||| Stepping randomly (stuck).
 10172 | Lair:1   | 10172 ||| Stepping randomly (stuck).
 10173 | Lair:1   | 10173 ||| Stepping randomly (stuck).
 10174 | Lair:1   | 10174 ||| Stepping randomly (stuck).
 10175 | Lair:1   | 10175 ||| Stepping randomly (stuck).
 10176 | Lair:1   | 10176 ||| Stepping randomly (stuck).
 10177 | Lair:1   | 10177 ||| Stepping randomly (stuck).
 10178 | Lair:1   | 10178 ||| Stepping randomly (stuck).
 10179 | Lair:1   | 10179 ||| Stepping randomly (stuck).
 10180 | Lair:1   | 10180 ||| Stepping randomly (stuck).
 10181 | Lair:1   | 10181 ||| Stepping randomly (stuck).
 10182 | Lair:1   | 10182 ||| Stepping randomly (stuck).
 10183 | Lair:1   | 10183 ||| Stepping randomly (stuck).
 10184 | Lair:1   | 10184 ||| Stepping randomly (stuck).
 10185 | Lair:1   | 10185 ||| Stepping randomly (stuck).
 10186 | Lair:1   | 10186 ||| Stepping randomly (stuck).
 10187 | Lair:1   | 10187 ||| Stepping randomly (stuck).
 10188 | Lair:1   | 10188 ||| Stepping randomly (stuck).
 10189 | Lair:1   | 10189 ||| Stepping randomly (stuck).
 10190 | Lair:1   | 10190 ||| Stepping randomly (stuck).
 10191 | Lair:1   | 10191 ||| Stepping randomly (stuck).
 10192 | Lair:1   | 10192 ||| Stepping randomly (stuck).
 10193 | Lair:1   | 10193 ||| Stepping randomly (stuck).
 10194 | Lair:1   | 10194 ||| Stepping randomly (stuck).
 10195 | Lair:1   | 10195 ||| Stepping randomly (stuck).
 10196 | Lair:1   | 10196 ||| Stepping randomly (stuck).
 10197 | Lair:1   | 10197 ||| Stepping randomly (stuck).
 10198 | Lair:1   | 10198 ||| Stepping randomly (stuck).
 10199 | Lair:1   | 10199 ||| Stepping randomly (stuck).
 10200 | Lair:1   | 10200 ||| Stepping randomly (stuck).
 10201 | Lair:1   | 10201 ||| Stepping randomly (stuck).
 10202 | Lair:1   | 10202 ||| Stepping randomly (stuck).
 10203 | Lair:1   | 10203 ||| Stepping randomly (stuck).
 10204 | Lair:1   | 10204 ||| Stepping randomly (stuck).
 10205 | Lair:1   | 10205 ||| Stepping randomly (stuck).
 10206 | Lair:1   | 10206 ||| Stepping randomly (stuck).
 10207 | Lair:1   | 10207 ||| Stepping randomly (stuck).
 10208 | Lair:1   | 10208 ||| Stepping randomly (stuck).
 10209 | Lair:1   | 10209 ||| Stepping randomly (stuck).
 10210 | Lair:1   | 10210 ||| Stepping randomly (stuck).
 10211 | Lair:1   | 10211 ||| Stepping randomly (stuck).
 10212 | Lair:1   | 10212 ||| Stepping randomly (stuck).
 10213 | Lair:1   | 10213 ||| Stepping randomly (stuck).
 10214 | Lair:1   | 10214 ||| Stepping randomly (stuck).
 10215 | Lair:1   | 10215 ||| Stepping randomly (stuck).
 10216 | Lair:1   | 10216 ||| Stepping randomly (stuck).
 10217 | Lair:1   | 10217 ||| Stepping randomly (stuck).
 10218 | Lair:1   | 10218 ||| Stepping randomly (stuck).
 10219 | Lair:1   | 10219 ||| Stepping randomly (stuck).
 10220 | Lair:1   | 10220 ||| Stepping randomly (stuck).
 10221 | Lair:1   | 10221 ||| Stepping randomly (stuck).
 10222 | Lair:1   | 10222 ||| Stepping randomly (stuck).
 10223 | Lair:1   | 10223 ||| Stepping randomly (stuck).
 10224 | Lair:1   | 10224 ||| Stepping randomly (stuck).
 10225 | Lair:1   | 10225 ||| Stepping randomly (stuck).
 10226 | Lair:1   | 10226 ||| Stepping randomly (stuck).
 10227 | Lair:1   | 10227 ||| Stepping randomly (stuck).
 10228 | Lair:1   | 10228 ||| Stepping randomly (stuck).
 10229 | Lair:1   | 10229 ||| Stepping randomly (stuck).
 10230 | Lair:1   | 10230 ||| Stepping randomly (stuck).
 10231 | Lair:1   | 10231 ||| Stepping randomly (stuck).
 10232 | Lair:1   | 10232 ||| Stepping randomly (stuck).
 10233 | Lair:1   | 10233 ||| Stepping randomly (stuck).
 10234 | Lair:1   | 10234 ||| Stepping randomly (stuck).
 10235 | Lair:1   | 10235 ||| Stepping randomly (stuck).
 10236 | Lair:1   | 10236 ||| Stepping randomly (stuck).
 10237 | Lair:1   | 10237 ||| Stepping randomly (stuck).
 10238 | Lair:1   | 10238 ||| Stepping randomly (stuck).
 10239 | Lair:1   | 10239 ||| Stepping randomly (stuck).
 10240 | Lair:1   | 10240 ||| Stepping randomly (stuck).
 10241 | Lair:1   | 10241 ||| Stepping randomly (stuck).
 10242 | Lair:1   | 10242 ||| Stepping randomly (stuck).
 10243 | Lair:1   | 10243 ||| Stepping randomly (stuck).
 10244 | Lair:1   | 10244 ||| Stepping randomly (stuck).
 10245 | Lair:1   | 10245 ||| Stepping randomly (stuck).
 10246 | Lair:1   | 10246 ||| Stepping randomly (stuck).
 10247 | Lair:1   | 10247 ||| Stepping randomly (stuck).
 10248 | Lair:1   | 10248 ||| Stepping randomly (stuck).
 10249 | Lair:1   | 10249 ||| Stepping randomly (stuck).
 10250 | Lair:1   | 10250 ||| Stepping randomly (stuck).
 10251 | Lair:1   | 10251 ||| Stepping randomly (stuck).
 10252 | Lair:1   | 10252 ||| Stepping randomly (stuck).
 10253 | Lair:1   | 10253 ||| Stepping randomly (stuck).
 10254 | Lair:1   | 10254 ||| Stepping randomly (stuck).
 10255 | Lair:1   | 10255 ||| Stepping randomly (stuck).
 10256 | Lair:1   | 10256 ||| Stepping randomly (stuck).
 10257 | Lair:1   | 10257 ||| Stepping randomly (stuck).
 10258 | Lair:1   | 10258 ||| Stepping randomly (stuck).
 10259 | Lair:1   | 10259 ||| Stepping randomly (stuck).
 10260 | Lair:1   | 10260 ||| Stepping randomly (stuck).
 10261 | Lair:1   | 10261 ||| Stepping randomly (stuck).
 10262 | Lair:1   | 10262 ||| Stepping randomly (stuck).
 10263 | Lair:1   | 10263 ||| Stepping randomly (stuck).
 10264 | Lair:1   | 10264 ||| Stepping randomly (stuck).
 10265 | Lair:1   | 10265 ||| Stepping randomly (stuck).
 10266 | Lair:1   | 10266 ||| Stepping randomly (stuck).
 10267 | Lair:1   | 10267 ||| Stepping randomly (stuck).
 10268 | Lair:1   | 10268 ||| Stepping randomly (stuck).
 10269 | Lair:1   | 10269 ||| Stepping randomly (stuck).
 10270 | Lair:1   | 10270 ||| Stepping randomly (stuck).
 10271 | Lair:1   | 10271 ||| Stepping randomly (stuck).
 10272 | Lair:1   | 10272 ||| Stepping randomly (stuck).
 10273 | Lair:1   | 10273 ||| Stepping randomly (stuck).
 10274 | Lair:1   | 10274 ||| Stepping randomly (stuck).
 10275 | Lair:1   | 10275 ||| Stepping randomly (stuck).
 10276 | Lair:1   | 10276 ||| Stepping randomly (stuck).
 10277 | Lair:1   | 10277 ||| Stepping randomly (stuck).
 10278 | Lair:1   | 10278 ||| Stepping randomly (stuck).
 10279 | Lair:1   | 10279 ||| Stepping randomly (stuck).
 10280 | Lair:1   | 10280 ||| Stepping randomly (stuck).
 10281 | Lair:1   | 10281 ||| Stepping randomly (stuck).
 10282 | Lair:1   | 10282 ||| Stepping randomly (stuck).
 10283 | Lair:1   | 10283 ||| Stepping randomly (stuck).
 10284 | Lair:1   | 10284 ||| Stepping randomly (stuck).
 10285 | Lair:1   | 10285 ||| Stepping randomly (stuck).
 10286 | Lair:1   | 10286 ||| Stepping randomly (stuck).
 10287 | Lair:1   | 10287 ||| Stepping randomly (stuck).
 10288 | Lair:1   | 10288 ||| Stepping randomly (stuck).
 10289 | Lair:1   | 10289 ||| Stepping randomly (stuck).
 10290 | Lair:1   | 10290 ||| Stepping randomly (stuck).
 10291 | Lair:1   | 10291 ||| Stepping randomly (stuck).
 10292 | Lair:1   | 10292 ||| Stepping randomly (stuck).
 10293 | Lair:1   | 10293 ||| Stepping randomly (stuck).
 10294 | Lair:1   | 10294 ||| Stepping randomly (stuck).
 10295 | Lair:1   | 10295 ||| Stepping randomly (stuck).
 10296 | Lair:1   | 10296 ||| Stepping randomly (stuck).
 10297 | Lair:1   | 10297 ||| Stepping randomly (stuck).
 10298 | Lair:1   | 10298 ||| Stepping randomly (stuck).
 10299 | Lair:1   | 10299 ||| Stepping randomly (stuck).
 10300 | Lair:1   | 10300 ||| Stepping randomly (stuck).
 10301 | Lair:1   | 10301 ||| Stepping randomly (stuck).
 10302 | Lair:1   | 10302 ||| Stepping randomly (stuck).
 10303 | Lair:1   | 10303 ||| Stepping randomly (stuck).
 10304 | Lair:1   | 10304 ||| Stepping randomly (stuck).
 10305 | Lair:1   | 10305 ||| Stepping randomly (stuck).
 10306 | Lair:1   | 10306 ||| Stepping randomly (stuck).
 10307 | Lair:1   | 10307 ||| Stepping randomly (stuck).
 10308 | Lair:1   | 10308 ||| Stepping randomly (stuck).
 10309 | Lair:1   | 10309 ||| Stepping randomly (stuck).
 10310 | Lair:1   | 10310 ||| Stepping randomly (stuck).
 10311 | Lair:1   | 10311 ||| Stepping randomly (stuck).
 10312 | Lair:1   | 10312 ||| Stepping randomly (stuck).
 10313 | Lair:1   | 10313 ||| Stepping randomly (stuck).
 10314 | Lair:1   | 10314 ||| Stepping randomly (stuck).
 10315 | Lair:1   | 10315 ||| Stepping randomly (stuck).
 10316 | Lair:1   | 10316 ||| Stepping randomly (stuck).
 10317 | Lair:1   | 10317 ||| Stepping randomly (stuck).
 10318 | Lair:1   | 10318 ||| Stepping randomly (stuck).
 10319 | Lair:1   | 10319 ||| Stepping randomly (stuck).
 10320 | Lair:1   | 10320 ||| Stepping randomly (stuck).
 10321 | Lair:1   | 10321 ||| Stepping randomly (stuck).
 10322 | Lair:1   | 10322 ||| Stepping randomly (stuck).
 10323 | Lair:1   | 10323 ||| Stepping randomly (stuck).
 10324 | Lair:1   | 10324 ||| Stepping randomly (stuck).
 10325 | Lair:1   | 10325 ||| Stepping randomly (stuck).
 10326 | Lair:1   | 10326 ||| Stepping randomly (stuck).
 10327 | Lair:1   | 10327 ||| Stepping randomly (stuck).
 10328 | Lair:1   | 10328 ||| Stepping randomly (stuck).
 10329 | Lair:1   | 10329 ||| Stepping randomly (stuck).
 10330 | Lair:1   | 10330 ||| Stepping randomly (stuck).
 10331 | Lair:1   | 10331 ||| Stepping randomly (stuck).
 10332 | Lair:1   | 10332 ||| Stepping randomly (stuck).
 10333 | Lair:1   | 10333 ||| Stepping randomly (stuck).
 10334 | Lair:1   | Quit the game

Levels and vault maps discovered:
D:1:      lightli_arrival_flooded_house, layout_rooms
D:2:      layout_basic
D:3:      layout_rooms, ebering_ghost_rock_garden
D:4:      layout_loops_ring, mainiacjoe_overflow_divided_tiny, serial_bayou,
          serial_bayou_shore_b, serial_bayou_lake_a, serial_bayou_shore_b,
          serial_bayou_ford_a, serial_shops, shop
D:5:      layout_loops_ring, minivault_14, st_stairs_12, hangedman_decor_points
D:6:      layout_loops_ring, nzn_hepliaklqana_mist_gate,
          minmay_temple_entry_offerings, lightli_church_of_beogh,
          uniq_eustachio, uniq_blork_the_orc, uniq_maggie,
          uniq_crazy_yiuf_cottage
D:7:      layout_cave_pools, nicolae_overflow_hidden_temple, uniq_prince_ribbit1
D:8:      layout_loops_ring, chequers_big_river, minmay_the_grid_2x2
          [minmay_the_grid_dragon_a, minmay_the_grid_expand,
          minmay_the_grid_odd_star, minmay_the_grid_prize_shrinking_boxes],
          uniq_gastronok, uniq_psyche
D:9:      layout_basic, kennysheep_okawaru_gauntlet, nrook_mini_vaults,
          serial_bayou_crossing
D:10:     layout_roguey, grunt_lair_entry_orc_guard_hut, serial_corexii_hall,
          corexii_hall_statues_i, corexii_hall_statues_x,
          roderic_serpentine_path
Lair:1:   beast_lair_carwin_large_4, layout_small_grid

Skill      XL: |  1  2  3  4  5  6  7  8  9 10 11 |
---------------+----------------------------------+-----
Unarmed Combat | 4 6 7 8 10 11 12 14 | 14.6
Fighting       | 4 5 6 |  6.0
Armour         | 1 2 |  2.2
Throwing       | 2 3 |  3.0
Dodging        | 1 |  1.0
Shields        | 7 9 10 | 10.1
Spellcasting   | |  1.0
Fire Magic     | |  2.1

Action                   |  1- 3 |  4- 6 |  7- 9 | 10-12 || total
-------------------------+-------+-------+-------+-------++-------
Melee: Unarmed           |   104 |    89 |   256 |   248 ||   697
       Punch             |       |     3 |     7 |       ||    10
       Kick              |       |       |    43 |    73 ||   116
Throw: Boomerang         |     4 |    26 |    37 |    14 ||    81
       Javelin           |       |       |    22 |    40 ||    62
Invok: Fiery Armour      |     1 |     2 |     3 |     6 ||    12
  Use: Scroll            |     7 |     1 |    12 |     8 ||    28
       Potion            |     2 |     1 |     4 |     1 ||     8
Armor: Robe              |    52 |    31 |     5 |       ||    88
       Steam dragon scal |       |       |   135 |    86 ||   221
Dodge: Dodged            |    55 |    19 |   135 |    69 ||   278
Block: Kite shield       |       |       |    46 |    87 ||   133

Table legend:
 A = Non-vault XP
 B = Vault XP
 C = Vault XP percentage of total XP
 D = Non-vault monster count
 E = Vault monster count
 F = Vault count percentage of total count
                 A         B        C        D         E       F
            +---------+---------+-------+---------+---------+-------
      Total |   10830 |   12189 |  53.0 |     178 |      67 |  27.3
            +---------+---------+-------+---------+---------+-------
        D:1 |      38 |       0 |   0.0 |      23 |       0 |   0.0
        D:2 |      15 |       0 |   0.0 |       7 |       0 |   0.0
        D:3 |      78 |       0 |   0.0 |      14 |       0 |   0.0
        D:4 |     137 |       0 |   0.0 |       7 |       0 |   0.0
        D:5 |     602 |      39 |   6.1 |      19 |       1 |   5.0
        D:6 |     642 |    1020 |  61.4 |      16 |      28 |  63.6
        D:7 |    1122 |     277 |  19.8 |      21 |       1 |   4.5
        D:8 |    1087 |    6346 |  85.4 |      23 |      16 |  41.0
        D:9 |    1355 |       0 |   0.0 |      19 |       0 |   0.0
       D:10 |    2249 |     812 |  26.5 |      22 |       6 |  21.4
     Lair:1 |    3505 |    3695 |  51.3 |       7 |      15 |  68.2
            +---------+---------+-------+---------+---------+-------
